Cogmind - Beta 9.5 @@@ ROGUE MODE // 2020.04.09 @ 00:41:09 // Winter2019/RPGLIKE Player: IAMCRAIG Result: Destroyed by G-73 Enforcer with Heavy Laser Performance ------------- Evolutions (8) 4000 Regions Visited (32) 6400 Robots Destroyed (718) 3590 Value Destroyed (36017) 36017 Prototype IDs (100) 2000 Alien Tech Used (11) 2200 Bonus (26816) 26816 TOTAL SCORE: 81023 Bonus ------- Triggered High Security 500 Triggered Max Security 3000 High Alert Combat Kills 13815 Follower Combat Kills 1431 Aligned with FarCom 300 Met Data Miner 300 Met Imprinter 300 Met Zhirov 300 Met Warlord at Base 500 MAIN.C Attacked Warlord 500 Warlord Defense Kill 3490 Scanned by Researcher 500 Met Sigix 2000 Friendly Fire -120 Cogmind --------- Core Integrity 0/2600 Matter 270/300 Energy 698/750 System Corruption 6% Temperature Cool (0) Movement Hovering (36) Location -2/Section 7 Parts ------- > --- POWER (2) -------- Vortex Chain Reactor > --- PROPULSION (5) --- Cooled Gravmag System Cooled Gravmag System Improved Antigrav System Cooled Antigrav System Cooled Antigrav System > --- UTILITY (13) ----- Long-range Terrain Scanner Advanced Melee Analysis Suite Experimental Melee Analysis Suite Advanced Target Analyzer Advanced Armor Integrity Analyzer Advanced Actuator Array Advanced Reaction Control System Centrium Medium Armor Plating Experimental Thermal Shield Experimental Shield Generator Improved System Restoration Module Stasis Generator > --- WEAPON (6) ------- Longsword +1 Nanosword Sigix Broadsword Plasma Lance > --- INVENTORY (5) ---- Protomatter-61 Long-range Sensor Array Microactuators Transdimensional Reconstructor Transdimensional Reconstructor Peak State ------------ > --- POWER ------------ Vortex Chain Reactor > --- PROPULSION ------- Myomer Exoskeleton Cooled Antigrav System Cooled Antigrav System > --- UTILITY ---------- Long-range Sensor Array Long-range Terrain Scanner Advanced Melee Analysis Suite Experimental Melee Analysis Suite Advanced Target Analyzer Advanced Armor Integrity Analyzer Microactuators Advanced Actuator Array Advanced Reaction Control System Experimental Phase Shifter Centrium Medium Armor Plating Experimental Thermal Shield Experimental Shield Generator > --- WEAPON ----------- Cooled Nova Cannon Longsword +1 Nanosword Sigix Broadsword Plasma Lance > --- INVENTORY -------- Improved System Restoration Module Stasis Generator Particle Cleaver Sigix Containment Pod [Rating: 240] Favorites ----------- Power Light Antimatter Reactor Engine Makeshift Power Source Power Core Enhanced Fission Core Reactor Light Antimatter Reactor Propulsion Cooled Airjet Treads Light Treads Leg Titanium Leg Wheel Armored Huge Wheel Hover Unit Cooled Airjet Flight Unit Electron Diverter Utility Advanced Melee Analysis Suite Device Long-range Terrain Scanner Storage Compact Battery Processor Advanced Melee Analysis Suite Hackware Hacking Suite Protection Heavy Armor Plating Artifact Stasis Generator Weapon Plasma Sword Energy Gun Spread Laser Energy Cannon Advanced Beam Cannon Ballistic Gun Minigun Launcher Rocket Launcher Special Weapon Improved Plasma Cutter Impact Weapon Makeshift Hammer Slashing Weapon Plasma Sword Piercing Weapon Plasma Lance Special Melee Weapon Improved Datajack Build | -11 -10 -10 -9 -9 -9 -8 -8 -7 -7 -7 -7 -6 -6 -6 -6 -6 -5 -5 -5 -5 -5 -4 -4 -4 -4 -4 -3 -3 -3 -2 -2 -2 ------- Run | Scr Mat Min Mat Min Exi Min Mat Fac Low Low Dat Pro Fac Low Low Zio Pro Fac Upp Upp Zhi Pro Fac Upp Upp War Pro Res Qua Res Tes Sec Slots Evolved 21 | 3 2 1 3 . 1 . 3 2 1 . . . 1 . . . . 1 1 . . . . . . 1 1 . . . . . Power 1 | . . . . . . . . 1 . . . . . . . . . . . . . . . . . . . . . . . . Propulsion 4 | 1 . . . . . . 2 1 . . . . . . . . . . . . . . . . . . . . . . . . Utility 12 | 1 2 1 2 . 1 . 1 . 1 . . . 1 . . . . 1 . . . . . . . . 1 . . . . . Weapon 4 | 1 . . 1 . . . . . . . . . . . . . . . 1 . . . . . . 1 . . . . . . Parts Attached 324 | 8 14 13 26 1 2 1 32 28 4 4 . 4 16 4 5 4 2 22 1 3 11 2 16 . 7 20 2 20 19 12 10 11 Power 22 | 2 1 . 1 . . . . 5 . 1 . 2 . . . . . 2 . . 1 . 6 . . 1 . . . . . . Engine 7 | 2 . . 1 . . . . 3 . 1 . . . . . . . . . . . . . . . . . . . . . . Core 8 | . 1 . . . . . . 2 . . . . . . . . . 2 . . . . 3 . . . . . . . . . Reactor 7 | . . . . . . . . . . . . 2 . . . . . . . . 1 . 3 . . 1 . . . . . . Propulsion 60 | 3 3 2 7 . . . 8 9 . . . . . . . . . 4 . . . . 3 . . 6 . 5 2 3 4 1 Treads 5 | 1 . 1 1 . . . 2 . . . . . . . . . . . . . . . . . . . . . . . . . Leg 11 | . . 1 6 . . . 1 . . . . . . . . . . 1 . . . . . . . 1 . . . . 1 . Wheel 10 | 2 2 . . . . . 5 1 . . . . . . . . . . . . . . . . . . . . . . . . Hover 33 | . 1 . . . . . . 8 . . . . . . . . . 3 . . . . 3 . . 4 . 5 2 3 3 1 Flight 1 | . . . . . . . . . . . . . . . . . . . . . . . . . . 1 . . . . . . Utility 172 | 1 7 5 8 1 1 . 18 9 4 3 . 2 12 3 2 2 . 16 . 1 6 2 7 . 5 7 2 13 14 7 4 10 Device 106 | 1 1 3 1 . . . 3 6 1 1 . 1 9 3 2 2 . 16 . . 5 . 6 . 3 6 . 10 10 5 3 8 Storage 6 | . 2 . . . 1 . 1 . 1 . . . 1 . . . . . . . . . . . . . . . . . . . Processor 27 | . 3 . 5 . . . 7 3 . 1 . 1 2 . . . . . . 1 . . . . . . 2 . . 1 1 . Hackware 5 | . . 1 . . . . 2 . . . . . . . . . . . . . . . . . . . . 2 . . . . Protection 24 | . 1 1 2 1 . . 5 . 2 1 . . . . . . . . . . 1 2 1 . 2 1 . 1 2 1 . . Artifact 4 | . . . . . . . . . . . . . . . . . . . . . . . . . . . . . 2 . . 2 Weapon 70 | 2 3 6 10 . 1 1 6 5 . . . . 4 1 3 2 2 . 1 2 4 . . . 2 6 . 2 3 2 2 . Energy Gun 9 | . 1 3 3 . . . . . . . . . . . . . . . . . . . . . . 2 . . . . . . Energy Cannon 3 | . . . 1 . . . 1 . . . . . . . . . . . . . . . . . . . . . . . 1 . Ballistic Gun 7 | 2 . 1 4 . . . . . . . . . . . . . . . . . . . . . . . . . . . . . Ballistic Cannon . | . . . . . . . . . . . . . . . . . . . . . . . . . . . . . . . . . Launcher 2 | . . . 1 . . 1 . . . . . . . . . . . . . . . . . . . . . . . . . . Special Weapon 8 | . 1 . . . . . . . . . . . 1 1 1 1 1 . . . 2 . . . . . . . . . . . Impact Weapon 13 | . 1 1 1 . . . 2 3 . . . . . . . . . . . 2 1 . . . 1 1 . . . . . . Slashing Weapon 23 | . . . . . 1 . 3 2 . . . . 3 . 2 1 1 . 1 . . . . . 1 1 . 2 3 1 1 . Piercing Weapon 3 | . . . . . . . . . . . . . . . . . . . . . . . . . . 2 . . . 1 . . Special Melee Weapon 2 | . . 1 . . . . . . . . . . . . . . . . . . 1 . . . . . . . . . . . Unidentified Prototypes 47 | . . . 2 . . . . 4 . . . 1 3 1 . 1 . 2 . . 5 . 1 . . 9 . 4 4 3 4 3 Parts Lost 6 | . . . 2 . . . 1 . . . . . . . . . . . . . . . . . 1 . . 1 . . . 1 Power . | . . . . . . . . . . . . . . . . . . . . . . . . . . . . . . . . . Propulsion . | . . . . . . . . . . . . . . . . . . . . . . . . . . . . . . . . . Utility 4 | . . . 1 . . . 1 . . . . . . . . . . . . . . . . . 1 . . 1 . . . . Weapon 2 | . . . 1 . . . . . . . . . . . . . . . . . . . . . . . . . . . . 1 Highest Loss Streak 1 | . . . 1 . . . 1 . . . . . . . . . . . . . . . . . 1 . . 1 . . . 1 Average Slot Usage (%) 95 | . 99 99 98 100 95 99 90 88 94 94 95 94 95 94 94 95 95 94 95 94 94 94 94 95 97 96 96 95 92 91 91 88 Engine 2 | . 7 . 7 7 7 7 5 7 10 9 10 4 . . . . . . . . . . . . . . . . . . . . Core 1 | . 4 10 . . . . . 2 . . . . . . . . . 6 8 8 4 4 2 . . . . . . . . . Reactor 3 | . . . . . . . . . . . . 5 9 9 9 9 9 1 . . 3 4 5 8 8 5 3 3 3 3 3 3 Leg 2 | . . 4 15 15 14 14 4 . . . . . . . . . . . . . . . . . . . . . . . . . Wheel 1 | . 11 5 . . . . 6 7 . . . . . . . . . . . . . . . . . . . . . . . . Hover 15 | . . . . . . . . 12 25 25 25 25 23 22 22 22 22 21 20 20 20 20 20 20 20 19 19 18 18 19 18 18 Device 25 | . 4 21 24 23 21 21 17 17 20 24 25 24 27 27 27 27 27 29 29 26 24 25 25 25 28 32 31 28 32 32 30 26 Processor 14 | . 25 12 18 23 21 21 15 7 10 11 15 15 14 13 13 13 13 13 12 14 16 16 16 16 16 16 16 15 12 12 15 15 Protection 4 | . 5 9 6 7 7 7 8 11 10 8 5 5 4 4 4 4 4 4 4 4 4 3 3 4 2 . . . 2 2 3 3 Energy Gun 1 | . 8 5 4 15 9 . . . . . . . . . . . . . . . . . . . . . . . . . . . Impact Weapon 2 | . 1 6 . . . . 3 3 5 5 5 5 3 . . . . . . 5 5 8 8 8 8 7 3 2 . . . . Slashing Weapon 10 | . . . . . 4 7 8 11 10 10 10 10 10 13 14 17 17 17 18 14 12 12 12 12 12 12 11 11 15 15 14 12 Naked Turns . | . . . . . . . . . . . . . . . . . . . . . . . . . . . . . . . . . Heaviest Build 104 | 9 14 16 24 24 27 28 41 59 61 63 60 62 65 66 68 68 68 81 80 80 79 81 87 87 92 85 85 96 104 93 96 87 Greatest Support 155 | 20 25 27 39 39 39 39 61 100 70 100 70 75 75 75 75 75 75 105 83 83 83 83 88 88 88 102 102 106 150 155 155 142 Greatest Overweight (x) 4 | 2 1 1 1 . . . 1 1 . . . . . . . . . 1 . . . . 1 . 1 1 . 1 1 . 4 . Average Overweight (x) . | . . . . . . . . . . . . . . . . . . . . . . . . . . . . . . . . . Largest Inventory Capacity 5 | . 1 1 2 2 2 2 2 2 2 2 2 2 3 3 3 3 4 4 4 4 4 4 4 4 4 4 4 4 5 5 5 5 Average Capacity 3 | . . 1 1 2 2 2 2 2 2 2 2 2 2 3 3 3 3 4 4 4 4 4 4 4 4 4 4 4 4 5 5 5 Most Carried 5 | . 1 1 2 2 2 2 2 2 2 2 2 2 3 3 3 3 4 4 4 4 4 4 4 4 4 4 4 4 5 5 5 5 Average Carried 2 | . . . 1 2 1 1 1 1 1 1 2 1 2 2 2 2 3 3 3 3 3 4 3 4 3 4 3 3 4 4 4 3 Final Capacity 5 | . 1 1 2 2 2 2 2 2 2 2 2 2 3 3 3 3 4 4 4 4 4 4 4 4 4 4 4 4 5 5 5 5 Final Carried 5 | . 1 1 2 2 2 2 2 2 2 2 2 2 3 3 3 3 4 4 4 4 4 4 4 4 4 4 4 4 4 5 4 5 Class Distribution -------------------- 32% | Scout 25% | Hacker-Scout 13% | Machinist-Scout 6% | Hacker-Assassin 6% | Mutant 3% | Assassin 3% | Scavenger-Skirmisher Dominant Class ---------------- Mutant | -10/Materials Mutant | -10/Mines Scavenger-Skirmisher | -9/Materials Mutant | -9/Mines Assassin | -9/Exiles Assassin | -8/Mines Hacker-Assassin | -8/Materials Scout | -7/Factory Scout | -7/Lower Caves Scout | -7/Lower Caves Scout | -7/Data Miner Scout | -6/Proximity Caves Scout | -6/Factory Scout | -6/Lower Caves Scout | -6/Lower Caves Scout | -6/Zion Scout | -5/Proximity Caves Scout | -5/Factory Machinist-Scout | -5/Upper Caves Machinist-Scout | -5/Upper Caves Machinist-Scout | -5/Zhirov Machinist-Scout | -4/Proximity Caves Hacker-Scout | -4/Factory Hacker-Scout | -4/Upper Caves Hacker-Scout | -4/Upper Caves Hacker-Scout | -4/Warlord Hacker-Scout | -3/Proximity Caves Hacker-Scout | -3/Research Hacker-Scout | -3/Quarantine Scavenger-Scout | -2/Research Scavenger-Scout | -2/Testing Hacker-Scout | -2/Section 7 Resources | -11 -10 -10 -9 -9 -9 -8 -8 -7 -7 -7 -7 -6 -6 -6 -6 -6 -5 -5 -5 -5 -5 -4 -4 -4 -4 -4 -3 -3 -3 -2 -2 -2 ----------- Run | Scr Mat Min Mat Min Exi Min Mat Fac Low Low Dat Pro Fac Low Low Zio Pro Fac Upp Upp Zhi Pro Fac Upp Upp War Pro Res Qua Res Tes Sec Matter Collected 5246 | 312 444 333 804 10 20 319 530 280 30 50 . 50 174 65 50 40 20 220 10 30 110 30 160 . 70 200 20 188 250 120 119 188 Remotely . | . . . . . . . . . . . . . . . . . . . . . . . . . . . . . . . . . Salvage Created 35711 | 20 547 358 1304 467 . 403 2256 752 626 1182 . 606 1047 705 133 130 483 2226 129 622 282 2067 1852 832 1416 1289 1655 3378 2506 1782 948 3708 Parts 1489 | 5 47 10 107 24 . 16 121 32 22 34 . 8 55 38 6 5 28 112 13 46 13 57 63 20 58 31 74 178 88 87 44 47 Haulers Intercepted 33 | . 2 . 6 . . . 5 5 . . . . 2 . . . . 3 . . . . 6 . . . . 3 . 1 . . Recyclers Shooed 6 | 1 1 . 3 . . . . . . . . . . . . . . 1 . . . . . . . . . . . . . . Parts Field Recycled . | . . . . . . . . . . . . . . . . . . . . . . . . . . . . . . . . . Retrieved Matter . | . . . . . . . . . . . . . . . . . . . . . . . . . . . . . . . . . Parts Self-Destructed 536 | . . . . . . . . . 22 22 . 32 . 38 6 5 35 . 12 42 11 48 . 26 79 85 73 . . . . . Prevented 39 | . . . . . . . . . 5 . . 1 . . . . 1 . 2 . . 4 . 4 . 22 . . . . . . Kills | -11 -10 -10 -9 -9 -9 -8 -8 -7 -7 -7 -7 -6 -6 -6 -6 -6 -5 -5 -5 -5 -5 -4 -4 -4 -4 -4 -3 -3 -3 -2 -2 -2 ------- Run | Scr Mat Min Mat Min Exi Min Mat Fac Low Low Dat Pro Fac Low Low Zio Pro Fac Upp Upp Zhi Pro Fac Upp Upp War Pro Res Qua Res Tes Sec Combat Hostiles Destroyed 585 | . 14 5 33 12 . 13 40 9 17 18 . 4 19 20 2 1 7 41 8 19 . 22 16 9 28 25 27 56 40 25 8 47 Melee 494 | . . . . . . 2 38 8 16 18 . 4 18 20 1 1 7 39 7 19 . 19 16 8 28 22 27 56 40 25 8 47 Guns 44 | . 14 5 19 6 . . . . . . . . . . . . . . . . . . . . . . . . . . . . Cannons 14 | . . . 4 6 . 2 2 . . . . . . . . . . . . . . . . . . . . . . . . . AOE 22 | . . . 10 . . 9 . . . . . . . . 1 . . 1 1 . . . . . . . . . . . . . Classes Destroyed 26 | 1 7 . 3 . . 1 1 2 1 1 . . . . . . . . . 1 . 1 . . . 2 1 . 2 1 1 . Worker 12 | . 1 . 5 . . . 3 1 . . . . . . . . . 1 . . . . 1 . . . . . . . . . Builder 11 | . . . 4 . . 2 1 2 . . . . . . . . . 1 . . . . . . . . . 1 . . . . Tunneler 2 | 1 . . . . . . . 1 . . . . . . . . . . . . . . . . . . . . . . . . Hauler 33 | . 2 . 6 . . . 5 5 . . . . 2 . . . . 3 . . . . 6 . . . . 3 . 1 . . Recycler 14 | . 1 1 2 2 . 2 2 1 . . . . . . . . . 1 . . . 2 . . . . . . . . . . Minesweeper 5 | . . . . . . . . . 1 . . . . . 1 . 1 . 1 . . . . . 1 . . . . . . . Mechanic 4 | . . . 1 . . . . 1 . . . . . . . . . . . . . . . . . . . . . 1 . 1 Operator 10 | . 2 . 1 . . . 2 1 . . . . 1 . . . . 2 . . . . . . . . . 1 . . . . Watcher 29 | . 2 . 5 . . . 5 . . . . . . . . . . 4 . . . 2 5 . . . . 1 2 1 1 1 Swarmer 125 | . 3 . 10 6 . 8 11 . 6 . . . 2 9 . . 2 12 4 6 . 4 . 1 15 1 7 17 . 1 . . Saboteur 9 | . . . . . . . . . . . . . . . . . . . . . . . . . . . 1 . 2 2 1 3 Grunt 200 | . 11 5 14 4 . 4 19 4 8 9 . 4 8 9 . . 2 12 3 1 . 4 3 5 6 8 7 8 15 4 . 23 Brawler 26 | . . . . . . 1 . . 1 1 . . 1 . . . . . 1 . . 1 1 . . 5 3 3 . . 4 4 Duelist 21 | . . . . . . . 1 . . 2 . . . . . . . 1 . . . 3 . . 2 1 2 . 4 . . 5 Protector 7 | . . . . . . . . . . . . . . . . . . . . . . 1 . . . 2 . . 2 . . 2 Researcher 10 | . . . . . . . . . . . . . . . . . . . . . . . . . . . . . 1 . 2 7 Sentry 72 | . . . 9 2 . . 9 2 2 1 . . 5 1 1 . 1 8 . 1 . 6 4 1 2 . 2 7 . 7 . 1 Demolisher 1 | . . . . . . . . . . . . . . . . . . . . . . . . . . . . . . 1 . . Specialist 5 | . . . . . . . . . . . . . . . . . . . . . . . . . . 1 . 1 3 . . . Hunter 43 | . . . . . . . . 1 . . . . 2 . 1 1 . 3 . 8 . 2 2 2 2 2 2 7 5 1 . 2 Programmer 50 | . . . . . . . . 2 . . . . 1 1 . . 1 5 . 1 . . 5 . . 3 3 12 6 5 1 4 Behemoth 7 | . . . . . . . . . . 1 . . . . . . 1 . . . . 1 1 . 1 . . 1 . 1 . . Investigator 1 | . . . . . . . . . . . . . . . . . . . . . . . . . . . . . . . 1 . Striker 9 | . . . . . . . . . . . . . . . . . . . . . . . . . . 2 . . 2 2 . 3 Executioner 2 | . . . . . . . . . . . . . . . . . . . . . . . . . . . . . 1 1 . . Superbehemoth 1 | . . . . . . . . . . . . . . . . . . . . . . . . . . . . . . . 1 . Fortress 1 | . . . . . . . . . . . . . . . . . . . . . . . . . . . . . . . 1 . Packrat 2 | . . . . . . . . . . 2 . . . . . . . . . . . . . . . . . . . . . . Thug 4 | . . . . . . . . . . 4 . . . . . . . . . . . . . . . . . . . . . . Mutant 2 | . . . . . . . . . . . . . . . . . . . . 2 . . . . . . . . . . . . Best Kill Streak 34 | 1 8 2 9 4 . 4 7 4 4 6 . 2 4 7 1 1 3 7 4 5 . 8 5 4 8 10 8 18 19 7 9 34 Combat Bots Only 34 | . 4 2 6 3 . 4 7 2 4 6 . 2 4 7 1 1 3 5 4 5 . 8 5 4 8 10 8 18 19 7 7 34 Max Kills in Single Turn 3 | 1 1 1 2 1 . 3 1 1 1 1 . 1 1 2 1 1 1 2 1 3 . 2 2 1 2 2 2 2 2 2 2 2 Gunslinging 1 | . . . 1 . . . . . . . . . . . . . . . . . . . . . . . . . . . . . Exploded 3 | . . . 2 . . 3 . . . . . . . . 1 . . 1 1 . . . . . . . . . . . . . Melee 3 | . . . . . . 1 1 1 1 1 . 1 1 2 1 1 1 2 1 3 . 2 2 1 2 2 2 2 2 2 2 2 Uniques/NPCs Destroyed . | . . . . . . . . . . . . . . . . . . . . . . . . . . . . . . . . . Combat | -11 -10 -10 -9 -9 -9 -8 -8 -7 -7 -7 -7 -6 -6 -6 -6 -6 -5 -5 -5 -5 -5 -4 -4 -4 -4 -4 -3 -3 -3 -2 -2 -2 -------- Run | Scr Mat Min Mat Min Exi Min Mat Fac Low Low Dat Pro Fac Low Low Zio Pro Fac Upp Upp Zhi Pro Fac Upp Upp War Pro Res Qua Res Tes Sec Damage Taken 22148 | . 433 492 1121 355 . 214 1622 573 450 713 . 295 475 262 13 . 106 1301 141 582 . 554 800 384 834 363 274 993 2056 2116 701 3925 Core 15308 | . 352 353 773 234 . 157 1014 316 255 446 . 198 298 151 4 . 66 762 73 349 . 338 460 236 541 281 221 777 1553 1591 546 2963 Absorbed by Shields 7719 | . . . . . . . . 178 177 267 . 109 189 104 7 . 43 491 54 214 . 204 297 144 325 378 293 845 939 771 255 1435 Redirected to Core 13217 | . 254 281 659 211 . 115 902 253 224 284 . 184 265 122 4 . 57 691 73 267 . 313 394 213 455 247 162 651 1426 1481 462 2567 Core Remaining (%) 88 | 100 . 54 . . . 89 91 . . . . 100 . . . . 100 . . . . 100 . . . . 94 . 71 . . . Volleys Fired 309 | 8 53 30 117 35 . 12 9 . . . . . . . . 3 12 . . . 30 . . . . . . . . . . . Largest 3 | 2 2 2 3 3 . 1 1 . . . . . . . . 1 1 . . . 1 . . . . . . . . . . . Hottest 198 | 40 100 88 198 198 . 68 68 . . . . . . . . 20 20 . . . 20 . . . . . . . . . . . Shots Fired 500 | 16 96 34 224 64 . 12 9 . . . . . . . . 3 12 . . . 30 . . . . . . . . . . . Gun 349 | 16 93 34 177 29 . . . . . . . . . . . . . . . . . . . . . . . . . . . . Cannon 84 | . . . 37 35 . 3 9 . . . . . . . . . . . . . . . . . . . . . . . . . Launcher 19 | . . . 10 . . 9 . . . . . . . . . . . . . . . . . . . . . . . . . . Special 48 | . 3 . . . . . . . . . . . . . . 3 12 . . . 30 . . . . . . . . . . . Kinetic 204 | 16 56 30 102 . . . . . . . . . . . . . . . . . . . . . . . . . . . . . Thermal 240 | . 3 4 112 64 . 3 9 . . . . . . . . 3 12 . . . 30 . . . . . . . . . . . Explosive 19 | . . . 10 . . 9 . . . . . . . . . . . . . . . . . . . . . . . . . . Electromagnetic 37 | . 37 . . . . . . . . . . . . . . . . . . . . . . . . . . . . . . . Robot Hit Streak 25 | 4 25 12 15 15 . 8 6 . . . . . . . . 4 10 . . . 17 . . . . . . . . . . . Robot Miss Streak 4 | 3 2 2 4 3 . 1 1 . . . . . . . . . 2 . . . 1 . . . . . . . . . . . Penetration Max . | . . . . . . . . . . . . . . . . . . . . . . . . . . . . . . . . . Secondary Targets 4 | . . . 4 . . . . . . . . . . . . . . . . . . . . . . . . . . . . . Max Gunslinging Chain 1 | . . . 1 . . . . . . . . . . . . . . . . . . . . . . . . . . . . . Shots Hit Robots 2285 | 8 73 28 160 49 . 22 141 74 49 62 . 41 52 41 6 4 37 140 21 57 28 84 83 42 101 109 64 197 177 102 46 187 Core Hits 1028 | 3 43 10 115 44 . 21 60 19 19 25 . 12 21 21 3 2 12 61 13 21 14 31 31 13 38 39 40 83 66 41 27 80 Critical Hits 147 | . 1 . 9 1 . . 7 3 2 3 . . 2 1 . . 2 8 . 2 10 2 3 1 2 2 2 14 20 12 9 29 Critical Kills 51 | . . . 2 . . . 3 . 2 . . . 1 1 . . . 3 . 1 1 1 3 . . 1 1 5 8 3 2 13 Critical Parts Destroyed 85 | . 1 . 6 1 . . 4 2 . 3 . . 1 . . . 2 5 . 1 7 1 . 1 2 1 1 9 11 7 4 15 Melee Attacks 3387 | . . 11 . . . 39 193 230 63 69 . 53 192 53 15 12 42 330 26 70 . 153 138 54 135 119 76 438 282 150 72 372 Impact 321 | . . 11 . . . . 12 35 10 9 . 7 21 . . . . . . 9 . 36 36 17 34 27 10 47 . . . . Slashing 2822 | . . . . . . 39 181 195 53 60 . 46 171 53 15 12 42 330 26 61 . 117 102 37 101 78 49 301 245 130 56 322 Piercing 244 | . . . . . . . . . . . . . . . . . . . . . . . . . . 14 17 90 37 20 16 50 Sneak Attacks 138 | . . 1 . . . 4 16 14 1 2 . . 7 2 1 . 2 10 1 . . 16 17 . 6 2 . 12 2 5 5 12 Combat Hostiles 34 | . . . . . . . . . . . . . 4 2 . . . 2 . . . 11 3 . 4 2 . 3 . . 3 . Follow-up Attacks 780 | . . . . . . . 13 16 11 9 . 13 9 10 1 . 14 51 9 26 . 36 34 22 50 61 31 103 95 54 20 92 Damage Inflicted 130170 | 87 983 581 3446 942 . 1917 7808 4586 2482 3042 . 2954 3283 2466 585 124 1685 8761 1362 3019 489 6699 6065 2388 6156 5672 3357 11403 11479 7378 4338 14633 Guns 3660 | 87 910 370 1914 379 . . . . . . . . . . . . . . . . . . . . . . . . . . . . Cannons 1312 | . . . 626 475 . 64 147 . . . . . . . . . . . . . . . . . . . . . . . . . Explosions 2562 | . 70 . 906 88 . 750 . . . . . . . . 176 . . 369 203 . . . . . . . . . . . . . Melee 121922 | . . 211 . . . 1103 7661 4586 2482 3042 . 2954 3283 2466 409 76 1511 8392 1159 3019 . 6699 6065 2388 6156 5672 3357 11403 11479 7378 4338 14633 Ramming 3 | . 3 . . . . . . . . . . . . . . . . . . . . . . . . . . . . . . . Kinetic 1759 | 87 308 370 994 . . . . . . . . . . . . . . . . . . . . . . . . . . . . . Thermal 3493 | . 70 . 1546 942 . 77 147 . . . . . . . . 48 174 . . . 489 . . . . . . . . . . . Explosive 1643 | . . . 906 . . 737 . . . . . . . . . . . . . . . . . . . . . . . . . . Electromagnetic 1350 | . 602 . . . . . . . . . . . . . 176 . . 369 203 . . . . . . . . . . . . . Impact 6949 | . . 211 . . . . 128 526 144 181 . 167 110 . . . . . . 254 . 957 957 518 892 820 348 736 . . . . Slashing 106172 | . . . . . . 1103 7533 4060 2338 2861 . 2787 3173 2466 409 76 1511 8392 1159 2765 . 5742 5108 1870 5264 4077 2548 8421 10334 6580 3637 11958 Piercing 8801 | . . . . . . . . . . . . . . . . . . . . . . . . . . 775 461 2246 1145 798 701 2675 Highest Corruption 10 | . . . . . . . . 3 . . . . 7 7 . . . 2 . . . . 1 . . . . 5 5 4 10 10 Average Corruption 3 | . . . . . . . . 1 . . . . 4 3 . . . 1 . . . . 1 . . . . 3 1 3 6 5 Corruption Purged 35 | . . . . . . . . 3 . . . . . 7 . . . 3 . . . . 1 . . . . 7 2 . . 12 Effects 142 | . . . . . . . . 6 . . . . 20 7 . . . 5 . . . . 1 . . . . 37 4 5 10 47 Message Errors 37 | . . . . . . . . 5 . . . . 5 1 . . . 2 . . . . . . . . . 13 1 . 2 8 Matter Fused 15 | . . . . . . . . . . . . . 2 2 . . . . . . . . . . . . . 2 . 1 2 6 Heat Flow Errors 11 | . . . . . . . . . . . . . 2 . . . . . . . . . . . . . . 3 1 1 2 2 Energy Discharges 23 | . . . . . . . . 1 . . . . 5 2 . . . 1 . . . . 1 . . . . 4 2 . 1 6 Data Loss (minor) 18 | . . . . . . . . . . . . . 3 2 . . . 1 . . . . . . . . . 6 . . 2 4 Data Loss (major) 1 | . . . . . . . . . . . . . . . . . . . . . . . . . . . . 1 . . . . Misdirections 6 | . . . . . . . . . . . . . . . . . . . . . . . . . . . . . . . . 6 Targeting Errors 31 | . . . . . . . . . . . . . 3 . . . . 1 . . . . . . . . . 8 . 3 1 15 Overload Shots . | . . . . . . . . . . . . . . . . . . . . . . . . . . . . . . . . . Overflow Damage 13828 | . . 38 18 30 . 401 630 806 195 200 . 924 321 114 11 6 336 807 188 402 16 1526 861 198 789 632 77 751 944 344 220 2043 Projectiles 49 | . . . . 17 . . . . . . . . . . . 6 10 . . . 16 . . . . . . . . . . . Explosions 42 | . . . 18 13 . 11 . . . . . . . . . . . . . . . . . . . . . . . . . . Melee 13737 | . . 38 . . . 390 630 806 195 200 . 924 321 114 11 . 326 807 188 402 . 1526 861 198 789 632 77 751 944 344 220 2043 Knockbacks 37 | . . . . . . . 1 1 2 1 . 1 . . . . . . . 1 . 5 4 7 6 2 . 6 . . . . Impact 35 | . . . . . . . 1 1 2 1 . 1 . . . . . . . 1 . 4 4 7 6 2 . 5 . . . . Kinetic . | . . . . . . . . . . . . . . . . . . . . . . . . . . . . . . . . . Secondary 2 | . . . . . . . . . . . . . . . . . . . . . . 1 . . . . . 1 . . . . Self-Inflicted Damage 117 | . 69 . 48 . . . . . . . . . . . . . . . . . . . . . . . . . . . . . Shots 4 | . 2 . 2 . . . . . . . . . . . . . . . . . . . . . . . . . . . . . Rammed 1 | . 1 . . . . . . . . . . . . . . . . . . . . . . . . . . . . . . . Targets Rammed 1 | . 1 . . . . . . . . . . . . . . . . . . . . . . . . . . . . . . . Kicked . | . . . . . . . . . . . . . . . . . . . . . . . . . . . . . . . . . Crushed . | . . . . . . . . . . . . . . . . . . . . . . . . . . . . . . . . . Highest Temperature 360 | . 142 50 153 360 . . 3 . 3 . . 3 257 . . . . . . . . 3 9 . 4 . . 193 167 131 143 237 Average Temperature 61 | . 38 18 39 157 . . 3 . 2 . . 2 105 . . . . . . . . 2 3 . 2 . . 76 92 57 63 115 Received Heat Transfer 4179 | . 135 273 432 126 . 90 693 174 120 231 . 126 128 78 4 . . 150 24 24 . 114 48 69 141 59 28 51 213 210 84 354 Siege Activations . | . . . . . . . . . . . . . . . . . . . . . . . . . . . . . . . . . Robots Corrupted 1 | . . . . . . . . . . . . . . . . . . 1 . . . . . . . . . . . . . . Combat Hostiles 1 | . . . . . . . . . . . . . . . . . . 1 . . . . . . . . . . . . . . Parts Fried 35 | . 2 . 2 . . . . 3 2 . . . . . 3 . . 2 . . . 6 4 . 2 9 . . . . . . Impact Corruptions 40 | . . 1 . . . . . 6 1 . . 1 2 . . . . . . . . 6 5 3 6 6 . 3 . . . . Robots Melted . | . . . . . . . . . . . . . . . . . . . . . . . . . . . . . . . . . Combat Hostiles . | . . . . . . . . . . . . . . . . . . . . . . . . . . . . . . . . . Parts Melted 14 | . . . 3 3 . . 1 . . . . . . . . . . . . . 2 1 . . . 1 . . . 1 . 2 Heat Transferred 5920 | . 50 . 2601 1389 . 161 259 . . . . . . . . 111 407 . . . 942 . . . . . . . . . . . Parts Sabotaged 8 | . . . . . . . . . . . . . . . . . . . . . . . . . . . . . 6 . . 2 Parts Stolen . | . . . . . . . . . . . . . . . . . . . . . . . . . . . . . . . . . Parts Stripped . | . . . . . . . . . . . . . . . . . . . . . . . . . . . . . . . . . Power Chain Reactions 2 | . 2 . . . . . . . . . . . . . . . . . . . . . . . . . . . . . . . Missiles Intercepted . | . . . . . . . . . . . . . . . . . . . . . . . . . . . . . . . . . Alert | -11 -10 -10 -9 -9 -9 -8 -8 -7 -7 -7 -7 -6 -6 -6 -6 -6 -5 -5 -5 -5 -5 -4 -4 -4 -4 -4 -3 -3 -3 -2 -2 -2 ------- Run | Scr Mat Min Mat Min Exi Min Mat Fac Low Low Dat Pro Fac Low Low Zio Pro Fac Upp Upp Zhi Pro Fac Upp Upp War Pro Res Qua Res Tes Sec Peak Influence 3414 | 5 294 119 583 502 . 370 621 413 . . . . 983 . . . . 1885 . . . . 810 . . . . 1917 2799 2466 1937 3414 Average Influence 669 | 1 163 29 298 296 . 178 279 228 . . . . 506 . . . . 1149 . . . . 428 . . . . 777 2105 1809 1797 2582 Maximum Alert Level 5 | . 1 . 2 2 . 1 2 2 . . . . 3 . . . . 5 . . . . 3 . . . . 5 5 5 5 5 Low Security (%) 29 | 100 66 100 34 25 . 80 41 37 . . . . 11 . . . . . . . . . 19 . . . . 8 . . . . Level 1 22 | . 33 . 29 68 . 19 28 62 . . . . 6 . . . . 1 . . . . 37 . . . . 9 . . . . Level 2 17 | . . . 35 6 . . 29 . . . . . 62 . . . . 6 . . . . 15 . . . . 28 . . . . Level 3 9 | . . . . . . . . . . . . . 19 . . . . 36 . . . . 28 . . . . 34 . . . . Level 4 6 | . . . . . . . . . . . . . . . . . . 41 . . . . . . . . . 14 . 37 . . Level 5 2 | . . . . . . . . . . . . . . . . . . 13 . . . . . . . . . 6 . 4 . . High Security 1 | . . . . . . . . . . . . . . . . . . . . . . . . . . . . . . 57 . . Max Security 10 | . . . . . . . . . . . . . . . . . . . . . . . . . . . . . 99 . 99 99 Squads Dispatched 203 | . 4 . 4 . . 1 6 13 . 1 . 1 13 . . . . 18 . . . . 10 . 1 . 1 24 31 2 14 59 Investigation 50 | . 2 . 2 . . 1 3 8 . . . 1 9 . . . . 8 . . . . 5 . 1 . . 9 . 1 . . Extermination 15 | . . . . . . . . 2 . . . . 2 . . . . 4 . . . . 2 . . . . 5 . . . . Reinforcement 19 | . 2 . 2 . . . 3 2 . . . . 1 . . . . 3 . . . . . . . . . 1 . 1 1 3 Assault 110 | . . . . . . . . 1 . 1 . . 1 . . . . 3 . . . . . . . . 1 3 31 . 13 56 Garrison 9 | . . . . . . . . . . . . . . . . . . . . . . . 3 . . . . 6 . . . . Intercept . | . . . . . . . . . . . . . . . . . . . . . . . . . . . . . . . . . Construction Impeded 2 | . . . 1 . . . . . . . . . . . . . . . . . . . . . . . . 1 . . . . Haulers Reinforced 4 | . . . . . . . . 2 . . . . 1 . . . . 1 . . . . . . . . . . . . . . Stealth | -11 -10 -10 -9 -9 -9 -8 -8 -7 -7 -7 -7 -6 -6 -6 -6 -6 -5 -5 -5 -5 -5 -4 -4 -4 -4 -4 -3 -3 -3 -2 -2 -2 --------- Run | Scr Mat Min Mat Min Exi Min Mat Fac Low Low Dat Pro Fac Low Low Zio Pro Fac Upp Upp Zhi Pro Fac Upp Upp War Pro Res Qua Res Tes Sec Distress Signals 24 | . . . . . . . 4 . . . . . . . . . . 2 . . . . 3 . . 1 . 4 2 5 2 1 Communications Jammed . | . . . . . . . . . . . . . . . . . . . . . . . . . . . . . . . . . Distress Signals . | . . . . . . . . . . . . . . . . . . . . . . . . . . . . . . . . . Times Spotted 1202 | . 20 6 47 13 . 13 67 17 24 22 . 11 21 21 2 1 14 64 10 19 . 21 31 10 43 45 28 77 195 84 46 230 Peak Tracking Total 66 | . 3 2 4 4 . 4 5 2 7 11 . 4 4 5 1 . 5 12 5 3 . 5 7 5 13 16 8 19 43 28 21 66 Tactical Retreats 95 | . . . 2 1 . 3 10 2 4 5 . . 1 1 . . 1 5 1 . . . 2 . 3 5 . 7 13 8 5 16 Traps | -11 -10 -10 -9 -9 -9 -8 -8 -7 -7 -7 -7 -6 -6 -6 -6 -6 -5 -5 -5 -5 -5 -4 -4 -4 -4 -4 -3 -3 -3 -2 -2 -2 ------- Run | Scr Mat Min Mat Min Exi Min Mat Fac Low Low Dat Pro Fac Low Low Zio Pro Fac Upp Upp Zhi Pro Fac Upp Upp War Pro Res Qua Res Tes Sec Traps Triggered 22 | . 3 . 1 . . . 1 1 . . . . 4 . 4 . . 6 2 . . . . . . . . . . . . . Indirectly 10 | . . . . . . . . . . . . . . . 4 . . 4 2 . . . . . . . . . . . . . Trap Hack Attempts 22 | . . 22 . . . . . . . . . . . . . . . . . . . . . . . . . . . . . . Triggered . | . . . . . . . . . . . . . . . . . . . . . . . . . . . . . . . . . Disarmed . | . . . . . . . . . . . . . . . . . . . . . . . . . . . . . . . . . Reprogrammed 10 | . . 2 5 . . . . . . . . . . . . . . . . . . . . . . . . 3 . . . . Reused 13 | . . . 1 . . . . . . . . . . . 3 . . 5 3 . . . . . . . . 1 . . . . Traps Extracted 2 | . . 2 . . . . . . . . . . . . . . . . . . . . . . . . . . . . . . Installed 21 | . . . . . . . . . 2 . . . . . 10 . . 1 8 . . . . . . . . . . . . . Triggered 29 | . . . 1 . . . . . 1 . . . . . 4 . . 5 3 3 . . . . . 11 . 1 . . . . Machines | -11 -10 -10 -9 -9 -9 -8 -8 -7 -7 -7 -7 -6 -6 -6 -6 -6 -5 -5 -5 -5 -5 -4 -4 -4 -4 -4 -3 -3 -3 -2 -2 -2 ---------- Run | Scr Mat Min Mat Min Exi Min Mat Fac Low Low Dat Pro Fac Low Low Zio Pro Fac Upp Upp Zhi Pro Fac Upp Upp War Pro Res Qua Res Tes Sec Machines Disabled 88 | . 2 4 3 5 . 9 3 11 . . . 1 7 1 . . . 5 . 1 . 4 4 1 4 . . 2 8 2 3 8 Max in Single Turn 5 | . 1 1 1 1 . 5 1 1 . . . 1 1 1 . . . 1 . 1 . 1 1 1 1 . . 1 1 1 1 1 Garrison Access 4 | . . . . . . . . 2 . . . . 1 . . . . . . . . . . . . . . . . 1 . . Machines Sabotaged 1 | . . . . . . . . . . . . . . . . . . 1 . . . . . . . . . . . . . . Garrisons Compromised . | . . . . . . . . . . . . . . . . . . . . . . . . . . . . . . . . . Overloaded Fab Kills . | . . . . . . . . . . . . . . . . . . . . . . . . . . . . . . . . . Fab Network Shutdowns 3 | . . . . . . . . . . . . . 1 . . . . 1 . . . . . . . . . 1 . . . . Hacking | -11 -10 -10 -9 -9 -9 -8 -8 -7 -7 -7 -7 -6 -6 -6 -6 -6 -5 -5 -5 -5 -5 -4 -4 -4 -4 -4 -3 -3 -3 -2 -2 -2 --------- Run | Scr Mat Min Mat Min Exi Min Mat Fac Low Low Dat Pro Fac Low Low Zio Pro Fac Upp Upp Zhi Pro Fac Upp Upp War Pro Res Qua Res Tes Sec Machines Accessed 172 | . 8 1 12 . 1 1 12 22 3 1 4 2 25 2 1 1 . 22 . . 9 3 16 1 1 4 . 17 . 3 . . Terminals 82 | . 6 . 8 . . 1 7 12 . . . 1 13 1 . . . 13 . . . 1 8 1 1 . . 8 . 1 . . Fabricators 14 | . . . . . . . . 3 . . . . 3 . . . . 4 . . . 1 1 . . . . 1 . 1 . . Repair Stations 7 | . . . 2 . . . 1 . . . . . . . . . . . . . . . 2 . . . . 1 . 1 . . Recycling Units 20 | . 2 . . . . . 2 2 . . . . 5 . . . . 4 . . . 1 2 . . . . 2 . . . . Scanalyzers 12 | . . . 2 . . . 2 3 . . . . . . . . . . . . . . 2 . . . . 3 . . . . Garrison Access 10 | . . . . . . . . 2 . . . . 4 . . . . 1 . . . . 1 . . . . 2 . . . . Total Hacks 669 | . 41 1 60 . 1 4 51 70 8 1 30 7 88 5 1 5 . 70 . . 48 10 54 4 10 10 . 77 . 13 . . Successful 470 | . 21 1 49 . 1 1 47 45 8 1 30 5 51 5 1 5 . 38 . . 48 7 39 1 7 10 . 41 . 8 . . Failed 198 | . 19 . 11 . . 3 4 25 . . . 2 37 . . . . 32 . . . 3 15 3 3 . . 36 . 5 . . Catastrophic 21 | . 2 . . . . . . 3 . . . . 2 . . . . 6 . . . . 2 . . . . 6 . . . . Database Lockouts 1 | . 1 . . . . . . . . . . . . . . . . . . . . . . . . . . . . . . . Manual 289 | . 26 . 33 . 1 3 28 30 . . . 5 52 . . 3 . 33 . . . 6 30 3 8 2 . 24 . 2 . . Terminals 339 | . 34 . 41 . . 4 26 39 . . . 6 44 4 . . . 44 . . . 4 33 4 10 . . 42 . 4 . . Fabricators 50 | . . . . . . . . 8 . . . . 15 . . . . 10 . . . 3 5 . . . . 6 . 3 . . Repair Stations 28 | . . . 11 . . . 5 . . . . . . . . . . . . . . . 4 . . . . 2 . 6 . . Recycling Units 73 | . 7 . . . . . 11 7 . . . . 18 . . . . 14 . . . 3 6 . . . . 7 . . . . Scanalyzers 39 | . . . 8 . . . 9 9 . . . . . . . . . . . . . . 3 . . . . 10 . . . . Garrison Access 33 | . . . . . . . . 7 . . . . 11 . . . . 2 . . . . 3 . . . . 10 . . . . Terminal Hacks 215 | . 6 1 14 . 1 . 8 14 8 1 30 2 11 5 1 5 . 12 . . 48 1 12 1 4 10 . 17 . 3 . . Record 68 | . . . . . . . . . 6 . 11 2 . 4 . . . 1 . . 36 . . 1 2 2 . 2 . 1 . . Part Schematic 23 | . . . . . . . . 2 . . 8 . 2 . . 5 . 1 . . 4 . 1 . . . . . . . . . Robot Schematic 9 | . . . . . . . . 1 . . 8 . . . . . . . . . . . . . . . . . . . . . Robot Analysis 16 | . 1 . 4 . . . 1 . . . . . 1 . . . . 1 . . 4 . 1 . 2 . . 1 . . . . Prototype ID Bank 19 | . 2 . . . . . 2 1 . . 3 . 1 . . . . . . . 4 . . . . 6 . . . . . . Open Door 9 | . . 1 . . . . . . 2 1 . . . 1 1 . . . . . . . . . . 2 . 1 . . . . Branch Access Points 3 | . . . . . . . . 1 . . . . 1 . . . . . . . . . . . . . . 1 . . . . Emergency Access Points 1 | . . . . . . . . . . . . . . . . . . . . . . . 1 . . . . . . . . . Terminal Index 2 | . . . 1 . . . . . . . . . 1 . . . . . . . . . . . . . . . . . . . Fabricator Index 2 | . . . . . . . . . . . . . . . . . . 1 . . . . 1 . . . . . . . . . Repair Station Index 1 | . . . . . . . . . . . . . . . . . . . . . . . 1 . . . . . . . . . Scanalyzer Index 2 | . 1 . 1 . . . . . . . . . . . . . . . . . . . . . . . . . . . . . Alert Level 16 | . . . 1 . . . 1 2 . . . . 1 . . . . 3 . . . . 4 . . . . 3 . 1 . . Unreport Threat 17 | . 1 . 1 . . . 1 2 . . . . 2 . . . . 2 . . . 1 1 . . . . 5 . 1 . . Locate Traps 15 | . 1 . 3 . . . 2 2 . . . . 2 . . . . 3 . . . . 1 . . . . 1 . . . . Reprogram Traps 3 | . . . 2 . . . . . . . . . . . . . . . . . . . . . . . . 1 . . . . Recall Assault 1 | . . . . . . . . . . . . . . . . . . . . . . . . . . . . 1 . . . . Hauler Manifests 2 | . . . . . . . . 1 . . . . . . . . . . . . . . 1 . . . . . . . . . Registered Components 1 | . . . . . . . . 1 . . . . . . . . . . . . . . . . . . . . . . . . Zone Layout 4 | . . . 1 . . . 1 1 . . . . . . . . . . . . . . . . . . . 1 . . . . EX-Prototype ID Bank 1 | . . . . . 1 . . . . . . . . . . . . . . . . . . . . . . . . . . . Fabricator Hacks 27 | . . . . . . . . 4 . . . . 6 . . . . 5 . . . 3 2 . . . . 5 . 2 . . Load Schematic 11 | . . . . . . . . 1 . . . . 3 . . . . 2 . . . 1 1 . . . . 2 . 1 . . Build 16 | . . . . . . . . 3 . . . . 3 . . . . 3 . . . 2 1 . . . . 3 . 1 . . Repair Station Hacks 23 | . . . 10 . . . 5 . . . . . . . . . . . . . . . 4 . . . . 2 . 2 . . Scan Component 12 | . . . 5 . . . 3 . . . . . . . . . . . . . . . 2 . . . . 1 . 1 . . Repair 11 | . . . 5 . . . 2 . . . . . . . . . . . . . . . 2 . . . . 1 . 1 . . Recycling Unit Hacks 31 | . 3 . . . . . 5 3 . . . . 6 . . . . 6 . . . 1 4 . . . . 3 . . . . Report Inventory 20 | . 2 . . . . . 2 2 . . . . 5 . . . . 4 . . . 1 2 . . . . 2 . . . . Retrieve Components 11 | . 1 . . . . . 3 1 . . . . 1 . . . . 2 . . . . 2 . . . . 1 . . . . Scanalyzer 31 | . . . 8 . . . 9 6 . . . . . . . . . . . . . . 2 . . . . 6 . . . . Insert Component 17 | . . . 4 . . . 4 3 . . . . . . . . . . . . . . 2 . . . . 4 . . . . Analyze 14 | . . . 4 . . . 5 3 . . . . . . . . . . . . . . . . . . . 2 . . . . Garrison Access Hacks 1 | . . . . . . . . 1 . . . . . . . . . . . . . . . . . . . . . . . . Seal Access 1 | . . . . . . . . 1 . . . . . . . . . . . . . . . . . . . . . . . . Unauthorized Hacks 348 | . 26 . 38 . . 3 40 45 . . . 6 72 . . . . 43 . . . 6 32 1 7 . . 26 . 3 . . Terminals 101 | . 9 . 17 . . 1 16 13 . . . 3 13 . . . . 10 . . . 2 10 . 3 . . 3 . 1 . . Track 21 | . 2 . 4 . . . 6 2 . . . 1 1 . . . . 1 . . . 1 2 . 1 . . . . . . . Assimilate 14 | . . . 2 . . . 3 1 . . . . 4 . . . . 2 . . . . 1 . . . . . . 1 . . Botnet 52 | . 5 . 7 . . 1 6 8 . . . 1 8 . . . . 6 . . . 1 6 . 1 . . 2 . . . . Disrupt 8 | . 1 . 2 . . . 1 1 . . . 1 . . . . . . . . . . . . 1 . . 1 . . . . Operators 5 | . 1 . 2 . . . . 1 . . . . . . . . . . . . . . 1 . . . . . . . . . Sabotage 1 | . . . . . . . . . . . . . . . . . . 1 . . . . . . . . . . . . . . Fabricators 7 | . . . . . . . . . . . . . 3 . . . . 1 . . . . 2 . . . . 1 . . . . Prioritize 1 | . . . . . . . . . . . . . . . . . . . . . . . 1 . . . . . . . . . Siphon 6 | . . . . . . . . . . . . . 3 . . . . 1 . . . . 1 . . . . 1 . . . . Repair Stations . | . . . . . . . . . . . . . . . . . . . . . . . . . . . . . . . . . Recycling Units 19 | . 3 . . . . . 4 3 . . . . 6 . . . . 2 . . . . . . . . . 1 . . . . Monitor 2 | . . . . . . . 1 . . . . . 1 . . . . . . . . . . . . . . . . . . . Reject 12 | . 2 . . . . . 2 2 . . . . 4 . . . . 1 . . . . . . . . . 1 . . . . Mask 5 | . 1 . . . . . 1 1 . . . . 1 . . . . 1 . . . . . . . . . . . . . . Scanalyzers 1 | . . . . . . . . 1 . . . . . . . . . . . . . . . . . . . . . . . . Extract 1 | . . . . . . . . 1 . . . . . . . . . . . . . . . . . . . . . . . . Garrison Access 14 | . . . . . . . . . . . . . 6 . . . . 2 . . . . 3 . . . . 3 . . . . Broadcast 2 | . . . . . . . . . . . . . 2 . . . . . . . . . . . . . . . . . . . Reprogram 8 | . . . . . . . . . . . . . 3 . . . . 1 . . . . 2 . . . . 2 . . . . Watchers 4 | . . . . . . . . . . . . . 1 . . . . 1 . . . . 1 . . . . 1 . . . . Data Cores Recovered 4 | . . . . . . . . 1 . . . . 1 . . . . 1 . . . . . . . . . 1 . . . . Used 3 | . . . . . . . . 1 . . . . . . . . . 1 . . . . . . . . . 1 . . . . Hacking Detections 140 | . 8 . 12 . . 1 10 21 . . . 1 25 1 . . . 22 . . . 3 15 1 1 . . 16 . 3 . . Full Trace Events 45 | . 1 . 2 . . 1 3 6 . . . 1 7 1 . . . 7 . . . 2 5 1 1 . . 6 . 1 . . Feedback Events 5 | . . . . . . . . . . . . . . . . . . 1 . . . . 1 . . . . 3 . . . . Corruption 4 | . . . . . . . . . . . . . . . . . . 1 . . . . 1 . . . . 2 . . . . Hackware Fried 1 | . . . . . . . . . . . . . . . . . . . . . . . . . . . . 1 . . . . Feedback Blocked . | . . . . . . . . . . . . . . . . . . . . . . . . . . . . . . . . . Robot Schematics Acquired 9 | . . . . . . . . 1 . . 8 . . . . . . . . . . . . . . . . . . . . . Robots Built 8 | . . . . . . . . . . . . . . . . . . . . . . . . . . . . 8 . . . . Matter 378 | . . . . . . . . . . . . . . . . . . . . . . . . . . . . 378 . . . . Time 268 | . . . . . . . . . . . . . . . . . . . . . . . . . . . . 268 . . . . Total Robot Build Rating 32 | . . . . . . . . . . . . . . . . . . . . . . . . . . . . 32 . . . . Part Schematics Acquired 44 | . . . 3 . . . 4 15 . . 8 . 2 . . 5 . 1 . . 4 . 1 . . . . 1 . . . . Parts Built 12 | . . . . . . . . 3 . . . . 4 . . . . 2 . . . . . . . . . 2 . 1 . . Matter 2626 | . . . . . . . . 402 . . . . 602 . . . . 874 . . . . 238 . . . . 126 . 384 . . Time 1086 | . . . . . . . . 142 . . . . 252 . . . . 422 . . . . 84 . . . . 84 . 102 . . Total Part Build Rating 66 | . . . . . . . . 18 . . . . 20 . . . . 12 . . . . . . . . . 8 . 8 . . Parts Repaired 11 | . . . 5 . . . 2 . . . . . . . . . . . . . . . 2 . . . . 1 . 1 . . Time 569 | . . . 184 . . . 82 . . . . . . . . . . . . . . . 131 . . . . 136 . 36 . . Parts Recycled . | . . . . . . . . . . . . . . . . . . . . . . . . . . . . . . . . . Recycled Matter . | . . . . . . . . . . . . . . . . . . . . . . . . . . . . . . . . . Retrieved Matter . | . . . . . . . . . . . . . . . . . . . . . . . . . . . . . . . . . Retrieved Components 63 | . 3 . . . . . 19 10 . . . . 6 . . . . 13 . . . . 9 . . . . 3 . . . . Parts Scanalyzed 13 | . . . 3 . . . 4 3 . . . . . . . . . . . . . . 1 . . . . 2 . . . . Part Schematics Acquired 11 | . . . 3 . . . 4 3 . . . . . . . . . . . . . . . . . . . 1 . . . . Parts Damaged 1 | . . . . . . . . . . . . . . . . . . . . . . . . . . . . 1 . . . . Bothacking | -11 -10 -10 -9 -9 -9 -8 -8 -7 -7 -7 -7 -6 -6 -6 -6 -6 -5 -5 -5 -5 -5 -4 -4 -4 -4 -4 -3 -3 -3 -2 -2 -2 ------------ Run | Scr Mat Min Mat Min Exi Min Mat Fac Low Low Dat Pro Fac Low Low Zio Pro Fac Upp Upp Zhi Pro Fac Upp Upp War Pro Res Qua Res Tes Sec Used RIF Installer . | . . . . . . . . . . . . . . . . . . . . . . . . . . . . . . . . . Robots Hacked . | . . . . . . . . . . . . . . . . . . . . . . . . . . . . . . . . . Non-combat . | . . . . . . . . . . . . . . . . . . . . . . . . . . . . . . . . . Combat . | . . . . . . . . . . . . . . . . . . . . . . . . . . . . . . . . . Robot Hacks Applied . | . . . . . . . . . . . . . . . . . . . . . . . . . . . . . . . . . Relay Couplers Released . | . . . . . . . . . . . . . . . . . . . . . . . . . . . . . . . . . Robots Rewired 22 | . . . . . . . . . 1 2 . . . . . . . . . 3 . 11 1 . . 3 1 . . . . . Allies Hacked 1 | . . . . . . . . . . . . . . . . . . . . . . . . . . 1 . . . . . . Hacks Repelled . | . . . . . . . . . . . . . . . . . . . . . . . . . . . . . . . . . Allies | -11 -10 -10 -9 -9 -9 -8 -8 -7 -7 -7 -7 -6 -6 -6 -6 -6 -5 -5 -5 -5 -5 -4 -4 -4 -4 -4 -3 -3 -3 -2 -2 -2 -------- Run | Scr Mat Min Mat Min Exi Min Mat Fac Low Low Dat Pro Fac Low Low Zio Pro Fac Upp Upp Zhi Pro Fac Upp Upp War Pro Res Qua Res Tes Sec Total Allies 66 | . . 2 1 . . . 1 1 4 2 . 1 5 . . 4 . 5 . 3 . 11 6 . . 3 1 15 . 1 . . Largest Group 12 | . . 2 2 . . . 1 1 4 3 . 1 3 1 . 4 4 3 . 3 3 11 12 3 2 3 1 7 . 1 . . Highest-Rated Group 341 | . . 41 41 . . . 10 10 91 62 . 94 94 10 . 258 258 188 . 93 93 292 341 138 112 144 42 188 . 44 . . Highest-Rated Ally 94 | . . 31 31 . . . 10 10 25 30 . 94 94 10 . 94 94 94 . 31 31 56 56 56 56 49 42 47 . 44 . . Total Orders 10 | . . . . . . . . . . . . 1 . 1 . . . 3 . . 3 . . . . . 1 1 . . . . GOTO 2 | . . . . . . . . . . . . . . . . . . . . . 2 . . . . . . . . . . . FOLLOW 2 | . . . . . . . . . . . . . . . . . . . . . 1 . . . . . 1 . . . . . EXPLORE 6 | . . . . . . . . . . . . 1 . 1 . . . 3 . . . . . . . . . 1 . . . . Ally Attacks 268 | . . . 2 . . . . . . 10 . 22 4 . . . 28 32 . . . 14 58 . 25 3 3 67 . . . . Total Damage 8309 | . . . 21 . . . . . . 152 . 708 680 . . . 907 1450 . . . 236 1786 . 1087 58 24 1200 . . . . Kills 69 | . . . 1 . . . . . . 1 . 8 7 . . . 10 12 . . . . 11 . 15 . . 4 . . . . Allies Corrupted . | . . . . . . . . . . . . . . . . . . . . . . . . . . . . . . . . . Allies Melted . | . . . . . . . . . . . . . . . . . . . . . . . . . . . . . . . . . Intel | -11 -10 -10 -9 -9 -9 -8 -8 -7 -7 -7 -7 -6 -6 -6 -6 -6 -5 -5 -5 -5 -5 -4 -4 -4 -4 -4 -3 -3 -3 -2 -2 -2 ------- Run | Scr Mat Min Mat Min Exi Min Mat Fac Low Low Dat Pro Fac Low Low Zio Pro Fac Upp Upp Zhi Pro Fac Upp Upp War Pro Res Qua Res Tes Sec Robot Analysis Total 16 | . 1 . 4 . . . 1 . . . . . 1 . . . . 1 . . 4 . 1 . 2 . . 1 . . . . Derelict Logs Recovered 26 | . . 2 . 2 . . . . 2 2 . 3 . 1 1 . 2 . 2 2 . 3 . 1 3 . . . . . . . Drone Launches 16 | . . . . . . . . . . . . 2 2 . . . . 6 . . . . . . . . 3 3 . . . . Drone Recoveries . | . . . . . . . . . . . . . . . . . . . . . . . . . . . . . . . . . Exploration | -11 -10 -10 -9 -9 -9 -8 -8 -7 -7 -7 -7 -6 -6 -6 -6 -6 -5 -5 -5 -5 -5 -4 -4 -4 -4 -4 -3 -3 -3 -2 -2 -2 ------------- Run | Scr Mat Min Mat Min Exi Min Mat Fac Low Low Dat Pro Fac Low Low Zio Pro Fac Upp Upp Zhi Pro Fac Upp Upp War Pro Res Qua Res Tes Sec Turns Passed 45178 | 98 932 960 3391 1072 420 1062 2461 1955 793 1085 32 1831 1478 1836 2126 1457 1464 2319 2235 1674 308 1376 999 2271 1930 909 1946 1977 613 624 301 1243 Spaces Moved 35424 | 74 910 711 1549 659 320 635 1704 2123 1115 1039 94 960 2338 924 1022 1472 817 2426 1491 918 333 1103 1471 1072 1421 1519 1035 1770 651 746 429 573 Core 247 | 22 224 . . . . . . . . . . . . . . . . . . . . . . . . . . . . . 1 . Treads 42 | 1 23 14 4 . . . . . . . . . . . . . . . . . . . . . . . . . . . . . Legs 3773 | . . 328 1545 659 320 635 284 . . . . . . . . . . . . . . . . . . . . . . . 2 . Wheels 3239 | 51 663 369 . . . . 1420 736 . . . . . . . . . . . . . . . . . . . . . . . . Hover 28123 | . . . . . . . . 1387 1115 1039 94 960 2338 924 1022 1472 817 2426 1491 918 333 1103 1471 1072 1421 1519 1035 1770 651 746 426 573 Flight . | . . . . . . . . . . . . . . . . . . . . . . . . . . . . . . . . . Fastest Speed 15 | 50 50 80 120 130 130 130 95 15 34 15 34 34 34 34 34 34 34 15 34 34 34 34 32 34 34 34 34 32 15 15 15 16 Average Speed 49 | 85 74 102 122 130 130 130 103 56 34 33 34 34 34 34 34 34 34 34 34 34 34 34 36 34 34 34 34 34 34 33 32 33 Slowest Speed 250 | 160 160 145 150 130 130 130 130 106 34 34 34 34 34 34 34 34 34 98 34 34 34 34 95 34 90 92 34 90 92 38 250 38 Overloaded Moves 159 | . . . . . . . . 12 . 6 . . . . . . . 6 . . . . . . . . . . 2 35 54 44 Propulsion Burnouts . | . . . . . . . . . . . . . . . . . . . . . . . . . . . . . . . . . Robots Hopped . | . . . . . . . . . . . . . . . . . . . . . . . . . . . . . . . . . Cave-ins Triggered 4 | . . . . . . . . . . . . . . . . . . . . . . . . . . . . . . . . 4 Teleports 2 | . . . . . . . . . . . . . . . . . . . . . . . . . . . . . 1 . . 1 Exploration Rate (%) 75 | 4 95 97 87 81 69 91 90 51 94 93 74 97 64 94 91 87 84 60 91 96 62 87 26 96 95 95 96 52 72 28 47 47 Regions Visited 32 Branch Regions 23 Pre-discovered Areas 11 | . . 1 . 1 . . . . . 1 1 . . . . 2 1 . 1 . 3 . . . . . . . . . . . Known Exits Taken 28 | . . . 1 1 1 1 1 1 1 1 1 1 1 1 1 1 1 1 1 1 1 1 1 1 1 1 1 1 1 1 . . Unknown Exits Taken 4 | 1 1 1 . . . . . . . . . . . . . . . . . . . . . . . . . . . . 1 . Scrap Searched 40 | . . 1 . 1 . 1 . . 3 2 . 2 . 3 5 3 . . 6 3 . 1 . 2 5 . 2 . . . . . Spaces Dug 631 | . 3 . 35 . . 13 30 95 4 2 . 3 81 2 6 2 5 89 1 2 . 7 20 2 1 1 . 90 41 17 7 72 Terrain Destroyed 858 | . 7 29 96 11 . 96 30 95 4 2 . 3 81 2 28 2 5 93 14 2 . 7 20 2 1 1 . 90 41 17 7 72 Melee 593 | . . . . . . 13 30 95 4 2 . 3 81 2 6 2 5 89 1 2 . 7 20 2 1 1 . 90 41 17 7 72 Projectile 3 | . 3 . . . . . . . . . . . . . . . . . . . . . . . . . . . . . . . AOE 262 | . 4 29 96 11 . 83 . . . . . . . . 22 . . 4 13 . . . . . . . . . . . . . Actions | -11 -10 -10 -9 -9 -9 -8 -8 -7 -7 -7 -7 -6 -6 -6 -6 -6 -5 -5 -5 -5 -5 -4 -4 -4 -4 -4 -3 -3 -3 -2 -2 -2 --------- Run | Scr Mat Min Mat Min Exi Min Mat Fac Low Low Dat Pro Fac Low Low Zio Pro Fac Upp Upp Zhi Pro Fac Upp Upp War Pro Res Qua Res Tes Sec Total 60820 | 91 1067 896 2834 822 324 822 2228 2725 1497 1735 93 2440 2925 2417 2792 2415 1963 3772 3212 2254 468 2042 1886 2959 2820 1874 2599 2955 902 1047 547 1397 Wait 21333 | . 52 89 1063 116 . 125 215 342 296 590 . 1411 395 1433 1733 923 1096 1038 1670 1246 75 765 278 1856 1277 181 1511 877 12 145 2 521 Move 35384 | 73 909 710 1548 658 319 634 1703 2122 1114 1038 93 959 2337 923 1021 1471 816 2425 1490 917 332 1102 1470 1071 1420 1518 1034 1767 648 745 428 569 Hop . | . . . . . . . . . . . . . . . . . . . . . . . . . . . . . . . . . Pick Up 105 | . 1 1 4 1 1 2 6 5 1 2 . 5 3 1 4 1 4 6 9 2 6 . 5 . 4 3 2 7 5 2 5 7 Fast Attach 223 | 7 12 12 22 . 2 . 26 21 2 4 . 2 7 2 2 2 . 10 1 2 8 2 9 . 4 19 . 6 16 9 7 7 Attach 28 | . . . 2 . . 1 4 1 . . . 1 1 1 . . . . . . 1 . . . 2 . 1 4 2 . 3 4 Detach 41 | . 1 1 5 . . . 16 2 . . . . 3 . . . . . . . . . . . 1 . . 4 2 . 3 3 Swap 86 | 1 2 1 3 1 . . 2 6 2 . . 2 8 2 3 2 2 12 . 1 3 . 7 . 1 1 1 10 4 3 . 6 Drop 268 | 2 10 12 14 2 2 2 20 23 3 5 . 6 8 1 6 3 3 19 9 4 13 2 14 . 6 23 1 13 14 11 12 5 Fire 309 | 8 53 30 117 35 . 12 9 . . . . . . . . 3 12 . . . 30 . . . . . . . . . . . Melee 1929 | . . 11 . . . 39 169 170 46 55 . 35 134 36 11 9 23 185 14 35 . 79 70 23 62 50 34 204 139 67 36 193 Ram . | . . . . . . . . . . . . . . . . . . . . . . . . . . . . . . . . . Kick . | . . . . . . . . . . . . . . . . . . . . . . . . . . . . . . . . . Crush 1 | . 1 . . . . . . . . . . . . . . . . . . . . . . . . . . . . . . . Escape Stasis 58 | . . . . . . . . . . . . . . . . . . . . . . . . . . . . 2 2 21 12 21 Rewire 146 | . . . . . . . . . 1 5 . . . . . . . . . 14 . 63 6 . . 54 2 . . . . 1 Trap 43 | . . 22 . . . . . . 2 . . . . . 10 . . 1 8 . . . . . . . . . . . . . Miscellaneous 866 | . 26 7 56 9 . 7 58 33 30 36 . 19 29 18 2 1 7 76 11 33 . 29 27 9 43 25 13 61 58 44 39 60 Route ------- -11/Scrapyard -10/Materials (discovered 5 exits: *Mat x3 / *Min x2) -10/Mines (discovered 2 exits: *Mat x2) -9/Materials (discovered 4 exits: *Mat x3 / *Min) -9/Mines (discovered 3 exits: *Mat x2 / *Exi) -9/Exiles -8/Mines (discovered 2 exits: *Mat x2) -8/Materials (discovered 3 exits: *Fac x3) -7/Factory (discovered 5 exits: *Fac x2 / *Sto / *Low x2) -7/Lower Caves -7/Lower Caves (discovered 2 exits: *Fac / *Dat) -7/Data Miner -6/Proximity Caves -6/Factory (discovered 6 exits: *Fac x4 / *Low x2) -6/Lower Caves -6/Lower Caves (discovered 2 exits: *Fac / *Zio) -6/Zion (discovered 2 exits: *Dee / *Pro) -5/Proximity Caves -5/Factory (discovered 5 exits: *Fac x3 / *Upp x2) -5/Upper Caves -5/Upper Caves (discovered 2 exits: *Fac / *Zhi) -5/Zhirov -4/Proximity Caves -4/Factory (discovered 6 exits: *Res x3 / *Upp / *Ext / Arm) -4/Upper Caves -4/Upper Caves (discovered 2 exits: *Res / *War) -4/Warlord -3/Proximity Caves -3/Research (discovered 4 exits: *Res x2 / *Qua x2) -3/Quarantine -2/Research (discovered 2 exits: [*Acc] / *Tes) -2/Testing -2/Section 7 History --------- Turn | Location | Event 1 | -11/Scrapyard | Upgraded with Propulsion slot (x1) 1 | -11/Scrapyard | Upgraded with Utility slot (x1) 1 | -11/Scrapyard | Upgraded with Weapon slot (x1) 29 | -11/Scrapyard | Discovered new exit (range 16) 99 | -11/Scrapyard | Entered Materials 296 | -10/Materials | Upgraded with Utility slot (x1) 324 | -10/Materials | Build established: Mutant 325 | -10/Materials | Discovered new exit (range 12) 531 | -10/Materials | Reached level 2 577 | -10/Materials | Upgraded with Utility slot (x1) 619 | -10/Materials | Discovered new exit (range 10) 708 | -10/Materials | Discovered new exit (range 14) 729 | -10/Materials | Discovered new exit (range 7) 930 | -10/Materials | Discovered new exit (range 15) 1010 | -10/Materials | Central database locked down 1031 | -10/Materials | Entered Mines 1037 | -10/Mines | Met a Derelict who couldn't figure out how to use a Trap Extractor 1041 | -10/Mines | Met a Derelict bent on vengeance 1280 | -10/Mines | Learned location of Zion (-6) 1284 | -10/Mines | Discovered new exit (range 10) 1325 | -10/Mines | Reached level 3 1328 | -10/Mines | Upgraded with Utility slot (x1) 1875 | -10/Mines | Build established: Hacker-Mutant 1954 | -10/Mines | Discovered new exit (range 9) 1991 | -10/Mines | Entered Materials 1991 | -9/Materials | Accompanied by 2 allies 1993 | -9/Materials | Reached level 4 1996 | -9/Materials | Led the pair of lost Derelicts to an unsafe place 1997 | -9/Materials | Upgraded with Utility slot (x1) 2025 | -9/Materials | Core integrity fell below 50% 2418 | -9/Materials | Repaired Carbon-fiber Leg 2457 | -9/Materials | Repaired Carbon-fiber Leg 2497 | -9/Materials | Repaired Minigun 2533 | -9/Materials | Discovered new exit (range 10) 2591 | -9/Materials | Discovered new exit (range 6) 2602 | -9/Materials | Reached level 5 2617 | -9/Materials | Upgraded with Weapon slot (x1) 3249 | -9/Materials | Reached level 6 3613 | -9/Materials | Build established: Scavenger-Skirmisher 4159 | -9/Materials | Reached level 7 4235 | -9/Materials | Upgraded with Utility slot (x1) 4360 | -9/Materials | Repaired Med. Armor Plating 4400 | -9/Materials | Repaired Carbon-fiber Leg 4449 | -9/Materials | Discovered new exit (range 11) 4490 | -9/Materials | Identified exit to Materials 4753 | -9/Materials | Build established: Skirmisher 5059 | -9/Materials | Discovered exit to Materials (range 11) 5381 | -9/Materials | Identified exit to Mines 5382 | -9/Materials | Entered Mines 5384 | -9/Mines | Reached level 8 5458 | -9/Mines | Discovered exit to Materials (range 11) 5663 | -9/Mines | Learned location of Storage (-7) 5904 | -9/Mines | Learned Materials terminal intel 6082 | -9/Mines | Build established: Mutant 6107 | -9/Mines | Deemed a non-threat by the Exiles lab entrance 6109 | -9/Mines | Discovered new exit (range 5) 6113 | -9/Mines | Identified exit to Exiles 6142 | -9/Mines | Discovered exit to Materials (range 13) 6337 | -9/Mines | Received a Rocket Launcher from a helpful Derelict 6359 | -9/Mines | Learned 2 Materials zone layouts 6454 | -9/Mines | Entered Exiles 6484 | -9/Exiles | Met 8R-AWN 6509 | -9/Exiles | Met EX-HEX 6547 | -9/Exiles | Met EX-BIN 6565 | -9/Exiles | Reached level 9 6565 | -9/Exiles | Aligned with FarCom system 6566 | -9/Exiles | Given EX-Vault access code 6600 | -9/Exiles | Opened EX-Vault 6609 | -9/Exiles | Upgraded with Utility slot (x1) 6611 | -9/Exiles | Found Longsword +1 6650 | -9/Exiles | Warned to stay clear of 0b10 Research branches 6748 | -9/Exiles | Met EX-DEC 6860 | -9/Exiles | Discovered new exit (range 10) 6870 | -9/Exiles | Identified exit to Mines 6874 | -9/Exiles | Left Exiles lab with Longsword +1 6874 | -9/Exiles | Entered Mines 6884 | -8/Mines | Discovered exit to Materials (range 15) 6914 | -8/Mines | Build established: Assassin 6923 | -8/Mines | Discovered exit to Materials (range 11) 7133 | -8/Mines | Reached level 10 7936 | -8/Mines | Entered Materials 7937 | -8/Materials | Identified exit to Factory 7938 | -8/Materials | Loaded intel: 12 terminal locations 7938 | -8/Materials | Reached level 11 7938 | -8/Materials | Upgraded with Utility slot (x1) 8202 | -8/Materials | Reached level 12 8269 | -8/Materials | Build established: Hacker-Assassin 8540 | -8/Materials | Upgraded with Propulsion slot (x1) 8571 | -8/Materials | Discovered exit to Factory (range 19) 9048 | -8/Materials | Discovered exit to Factory (range 15) 9610 | -8/Materials | Reached level 13 9633 | -8/Materials | Upgraded with Propulsion slot (x1) 9638 | -8/Materials | Destroyed 7 combat bots 10334 | -8/Materials | Repaired Hvy. Armor Plating 10380 | -8/Materials | Repaired Arm. Huge Wheel 10397 | -8/Materials | Entered Factory 10398 | -7/Factory | Identified exit to Storage 10399 | -7/Factory | Reached level 14 10474 | -7/Factory | Upgraded with Power slot (x1) 10587 | -7/Factory | Discovered new exit (range 15) 10660 | -7/Factory | Discovered new exit (range 11) 10821 | -7/Factory | Upgraded with Propulsion slot (x1) 11447 | -7/Factory | Discovered new exit (range 11) 11722 | -7/Factory | Reached level 15 11748 | -7/Factory | Build established: Scout 11914 | -7/Factory | Identified exit to Lower Caves 12088 | -7/Factory | Fabricated Imp. Melee Analysis Suite (x1) 12214 | -7/Factory | Fabricated Hvy. Neutron Cannon? 12281 | -7/Factory | Discovered new exit (range 16) 12286 | -7/Factory | Identified exit to Factory 12352 | -7/Factory | Entered Lower Caves 12355 | -7/Lower Caves | Learned location of 1 exit from Proximity Caves 12446 | -7/Lower Caves | Attracted the attention of an 0b10 outpost 12485 | -7/Lower Caves | Reached level 16 12508 | -7/Lower Caves | Upgraded with Utility slot (x1) 12611 | -7/Lower Caves | Encountered a Warlord checkpoint 12634 | -7/Lower Caves | Learned 4 Factory zone layouts 12920 | -7/Lower Caves | Rewired Cogmind 13023 | -7/Lower Caves | Attracted the attention of an 0b10 checkpoint 13055 | -7/Lower Caves | Discovered new exit (range 14) 13066 | -7/Lower Caves | A Commander dispatched an escort 13073 | -7/Lower Caves | Learned Factory stockpile data 13073 | -7/Lower Caves | Learned Armory stockpile data 13093 | -7/Lower Caves | Identified exit to Lower Caves 13145 | -7/Lower Caves | Entered another Lower Caves area 13145 | -7/Lower Caves | Accompanied by 4 allies 13146 | -7/Lower Caves | Commander's escort returned to base 13146 | -7/Lower Caves | Commander's escort returned to base 13146 | -7/Lower Caves | Commander's escort returned to base 13384 | -7/Lower Caves | Attracted the attention of an 0b10 outpost 13447 | -7/Lower Caves | Rewired Cogmind 13449 | -7/Lower Caves | Rewired Cogmind 13530 | -7/Lower Caves | Spotted B-75 Beast 13531 | -7/Lower Caves | Learned location of 1 exit from Factory 13554 | -7/Lower Caves | Ambushed by wild Derelicts 13662 | -7/Lower Caves | Destroyed B-75 Beast 13956 | -7/Lower Caves | Discovered new exit (range 12) 13999 | -7/Lower Caves | Identified exit to Data Miner 14230 | -7/Lower Caves | Entered Data Miner 14230 | -7/Data Miner | Discovered new exit (range 6) 14237 | -7/Data Miner | Met Data Miner 14246 | -7/Data Miner | Learned location of Section 7 (-2) 14246 | -7/Data Miner | Acquired the access code to Warlord's prototype stash 14249 | -7/Data Miner | Received God Mode back door access code from Data Miner 14261 | -7/Data Miner | Identified exit to Proximity Caves 14262 | -7/Data Miner | Entered Proximity Caves 14264 | -6/Proximity Caves | Reached level 17 14390 | -6/Proximity Caves | Escorted by Enhanced Grunt 14422 | -6/Proximity Caves | Attracted the attention of an 0b10 checkpoint 14507 | -6/Proximity Caves | Received a Behemoth hack from an annoying Tinkerer 14902 | -6/Proximity Caves | Spotted B-75 Beast 14954 | -6/Proximity Caves | Reached level 18 15123 | -6/Proximity Caves | Allies destroyed B-75 Beast 15339 | -6/Proximity Caves | Found Alien Artifact 15339 | -6/Proximity Caves | Identified Dimensional Node Initializer 15339 | -6/Proximity Caves | Initialized slip node 16093 | -6/Proximity Caves | Entered Factory 16093 | -6/Factory | Accompanied by 1 ally 16094 | -6/Factory | Identified exit to Factory 16094 | -6/Factory | Identified exit to Lower Caves 16261 | -6/Factory | Reached level 19 16276 | -6/Factory | Incoming assault squad redirected 16312 | -6/Factory | Incoming investigation squad redirected 16319 | -6/Factory | Upgraded with Utility slot (x1) 16362 | -6/Factory | Found Prototype Device 16362 | -6/Factory | Identified Exp. Thermal Shield 16465 | -6/Factory | Discovered exit to Factory (range 21) 17214 | -6/Factory | Fabricated Plasma Sword? 17257 | -6/Factory | Incoming investigation squad redirected 17263 | -6/Factory | Incoming investigation squad redirected 17279 | -6/Factory | Local fabrication network quarantined 17318 | -6/Factory | Fabricated Plasma Sword (x1) 17326 | -6/Factory | Fabricated System Backup Module (x2) 17401 | -6/Factory | Reached level 20 17424 | -6/Factory | Incoming investigation squad redirected 17481 | -6/Factory | Found Prototype Processor 17481 | -6/Factory | Identified Exp. Signal Interpreter 17530 | -6/Factory | Incoming investigation squad redirected 17571 | -6/Factory | Entered Lower Caves 17571 | -6/Lower Caves | Accompanied by 3 allies 17864 | -6/Lower Caves | Learned Factory garrison access intel 17951 | -6/Lower Caves | Found Alien Artifact 17951 | -6/Lower Caves | Identified Core Expander 17951 | -6/Lower Caves | Installed Core Expander, added new Weapon slot 18770 | -6/Lower Caves | Attracted the attention of an 0b10 checkpoint 19120 | -6/Lower Caves | Attracted the attention of an 0b10 base 19136 | -6/Lower Caves | Identified exit to Lower Caves 19136 | -6/Lower Caves | Learned location of 2 exits from Upper Caves 19136 | -6/Lower Caves | Learned Factory emergency access door positions 19136 | -6/Lower Caves | Learned Extension emergency access door positions 19149 | -6/Lower Caves | Destroyed 7 combat bots 19407 | -6/Lower Caves | Entered another Lower Caves area 19410 | -6/Lower Caves | Discovered exit to Factory (range 5) 19867 | -6/Lower Caves | Attracted the attention of an 0b10 checkpoint 20633 | -6/Lower Caves | Learned location of 1 exit from Factory 20656 | -6/Lower Caves | Discovered new exit (range 23) 21114 | -6/Lower Caves | Encountered a Warlord checkpoint 21165 | -6/Lower Caves | Identified exit to Zion 21533 | -6/Lower Caves | Entered Zion 21686 | -6/Zion | Discovered new exit (range 16) 21735 | -6/Zion | Identified exit to Proximity Caves 21860 | -6/Zion | Learned location of Warlord (-4) 22024 | -6/Zion | Given A8's code to call for help 22046 | -6/Zion | Learned location of Quarantine (-3) 22051 | -6/Zion | Found Prototype Device 22051 | -6/Zion | Identified Phasing AFG 22088 | -6/Zion | Received a hallucinogenic algorithm 22106 | -6/Zion | Gained Derelict followers 22392 | -6/Zion | Rebuked by Imprinter 22480 | -6/Zion | Discovered new exit (range 10) 22533 | -6/Zion | Saw the warning signs outside the Deep Caves entrance 22533 | -6/Zion | Identified exit to Deep Caves 22547 | -6/Zion | Enhanced Grunt warped into view, answering call for help 22560 | -6/Zion | Enhanced Grunt warped into view, answering call for help 22990 | -6/Zion | Entered Proximity Caves 22990 | -5/Proximity Caves | Accompanied by 4 allies 22992 | -5/Proximity Caves | Reached level 21 23102 | -5/Proximity Caves | Learned location of Armory (-4) 23963 | -5/Proximity Caves | Attracted the attention of an 0b10 checkpoint 24092 | -5/Proximity Caves | Spotted B-75 Beast 24094 | -5/Proximity Caves | Destroyed B-75 Beast 24103 | -5/Proximity Caves | Learned Factory terminal intel 24175 | -5/Proximity Caves | Reached level 22 24454 | -5/Proximity Caves | Entered Factory 24454 | -5/Factory | Accompanied by 2 allies 24455 | -5/Factory | Identified exit to Factory 24457 | -5/Factory | Loaded intel: 20 terminal locations 24458 | -5/Factory | Loaded intel: 4 garrison access locations 24563 | -5/Factory | Incoming investigation squad redirected 24638 | -5/Factory | Discovered new exit (range 5) 24640 | -5/Factory | Identified exit to Upper Caves 24718 | -5/Factory | Reached level 23 24718 | -5/Factory | Upgraded with Utility slot (x1) 24754 | -5/Factory | First assault squad dispatched 24777 | -5/Factory | Incoming assault squad redirected 24986 | -5/Factory | Discovered exit to Upper Caves (range 24) 25240 | -5/Factory | Spotted B-75 Beast 25275 | -5/Factory | Discovered exit to Factory (range 13) 25338 | -5/Factory | Incoming assault squad redirected 25342 | -5/Factory | Incoming investigation squad redirected 25394 | -5/Factory | Discovered exit to Factory (range 18) 25520 | -5/Factory | Incoming investigation squad redirected 25576 | -5/Factory | Fabricated Cld. Gravmag System (x1) 26160 | -5/Factory | Fabricated Cld. Gravmag System (x1) 26451 | -5/Factory | Local fabrication network quarantined 26457 | -5/Factory | Build established: Machinist-Scout 26574 | -5/Factory | Incoming assault squad redirected 26742 | -5/Factory | Incoming investigation squad redirected 26773 | -5/Factory | Entered Upper Caves 26774 | -5/Upper Caves | Identified exit to Upper Caves 26775 | -5/Upper Caves | Reached level 24 26781 | -5/Upper Caves | Encountered a Warlord checkpoint 27785 | -5/Upper Caves | Upgraded with Weapon slot (x1) 29008 | -5/Upper Caves | Entered another Upper Caves area 29029 | -5/Upper Caves | Attracted the attention of an 0b10 checkpoint 29501 | -5/Upper Caves | Learned location of 1 exit from Factory 29502 | -5/Upper Caves | Learned 8 Factory zone layouts 29591 | -5/Upper Caves | Attacked by a delusional Derelict stockpiling parts 29982 | -5/Upper Caves | Discovered new exit (range 21) 30123 | -5/Upper Caves | Attacked by a delusional Derelict stockpiling Unaware 30132 | -5/Upper Caves | Rewired Cogmind 30134 | -5/Upper Caves | Rewired Cogmind 30145 | -5/Upper Caves | Rewired Cogmind 30673 | -5/Upper Caves | Identified exit to Zhirov 30682 | -5/Upper Caves | Entered Zhirov 30682 | -5/Zhirov | Accompanied by 3 allies 30682 | -5/Zhirov | Discovered new exit (range 3) 30684 | -5/Zhirov | Identified exit to Proximity Caves 30692 | -5/Zhirov | Met Zhirov 30699 | -5/Zhirov | Learned location of Testing (-2) 30699 | -5/Zhirov | Learned location of Command (-1) 30706 | -5/Zhirov | Zhirov requested help retrieving the SGEMP Prototype 30713 | -5/Zhirov | Found Alien Artifact 30714 | -5/Zhirov | Identified Integrated Reactor 30714 | -5/Zhirov | Installed Integrated Reactor, increased core energy generation (+2%) 30919 | -5/Zhirov | Found Alien Artifact 30990 | -5/Zhirov | Entered Proximity Caves 30990 | -4/Proximity Caves | Accompanied by 3 allies 30994 | -4/Proximity Caves | Attracted the attention of an 0b10 checkpoint 31008 | -4/Proximity Caves | Learned Research terminal intel 31176 | -4/Proximity Caves | Learned Research terminal intel 31686 | -4/Proximity Caves | Entered a huge 0b10 base via the front door 31686 | -4/Proximity Caves | Spotted B-86 Titan 31688 | -4/Proximity Caves | Destroyed B-86 Titan 31750 | -4/Proximity Caves | Discovered exit to Factory (range 15) 31755 | -4/Proximity Caves | Reached level 25 31799 | -4/Proximity Caves | Destroyed 8 combat bots 32261 | -4/Proximity Caves | Rewired Cogmind 32263 | -4/Proximity Caves | Rewired Cogmind 32275 | -4/Proximity Caves | Rewired Cogmind 32276 | -4/Proximity Caves | Rewired Cogmind 32288 | -4/Proximity Caves | Rewired Cogmind 32296 | -4/Proximity Caves | Rewired Cogmind 32305 | -4/Proximity Caves | Rewired Cogmind 32306 | -4/Proximity Caves | Rewired Cogmind 32307 | -4/Proximity Caves | Rewired Cogmind 32312 | -4/Proximity Caves | Rewired Cogmind 32327 | -4/Proximity Caves | Rewired Cogmind 32366 | -4/Proximity Caves | Entered Factory 32366 | -4/Factory | Accompanied by 11 allies 32367 | -4/Factory | Identified exit to Armory 32368 | -4/Factory | Identified exit to Research 32379 | -4/Factory | Identified Transdimensional Reconstructor 32391 | -4/Factory | Rewired Cogmind 32496 | -4/Factory | Incoming investigation squad redirected 32598 | -4/Factory | Reached level 26 32624 | -4/Factory | Discovered new exit (range 23) 32711 | -4/Factory | Spotted B-86 Titan 32711 | -4/Factory | Destroyed B-86 Titan 32762 | -4/Factory | Discovered exit to Research (range 22) 32811 | -4/Factory | Discovered new exit (range 4) 32812 | -4/Factory | Identified exit to Upper Caves 32951 | -4/Factory | Repaired Broken Cld. Gravmag System 32991 | -4/Factory | Build established: Hacker-Scout 33081 | -4/Factory | Repaired Hvy. Armor Plating 33139 | -4/Factory | Identified exit to Extension 33142 | -4/Factory | Incoming investigation squad redirected 33338 | -4/Factory | Found Prototype Hackware 33365 | -4/Factory | Entered Upper Caves 33365 | -4/Upper Caves | Accompanied by 3 allies 33366 | -4/Upper Caves | Encountered a Warlord checkpoint 34075 | -4/Upper Caves | Learned Research garrison access intel 34286 | -4/Upper Caves | Attracted the attention of an 0b10 checkpoint 34462 | -4/Upper Caves | Discovered new exit (range 12) 34500 | -4/Upper Caves | Identified exit to Upper Caves 35636 | -4/Upper Caves | Entered another Upper Caves area 35636 | -4/Upper Caves | Accompanied by 2 allies 35637 | -4/Upper Caves | Identified exit to Warlord 35638 | -4/Upper Caves | Reached level 27 35871 | -4/Upper Caves | Discovered exit to Research (range 15) 36377 | -4/Upper Caves | Attracted the attention of an 0b10 base 36434 | -4/Upper Caves | Destroyed 8 combat bots 36442 | -4/Upper Caves | Learned Research terminal intel 36458 | -4/Upper Caves | Learned 8 Research zone layouts 36478 | -4/Upper Caves | Spotted B-86 Titan 36496 | -4/Upper Caves | Destroyed B-86 Titan 36677 | -4/Upper Caves | Attracted the attention of an 0b10 checkpoint 36862 | -4/Upper Caves | Learned Research stockpile data 37092 | -4/Upper Caves | Learned Research terminal intel 37566 | -4/Upper Caves | Entered Warlord 37634 | -4/Warlord | Opened side exit 37685 | -4/Warlord | Identified Exp. Hacking Suite 37791 | -4/Warlord | Rewired Cogmind 37829 | -4/Warlord | Rewired Cogmind 37844 | -4/Warlord | Rewired Cogmind 37850 | -4/Warlord | Met Warlord 37854 | -4/Warlord | Opened Warlord's prototype stash 37856 | -4/Warlord | Found Prototype Device 37856 | -4/Warlord | Identified Exp. Focal Shield 37861 | -4/Warlord | Found Prototype Device 37861 | -4/Warlord | Identified Exp. Phase Shifter 37875 | -4/Warlord | Warlord's base attacked by MAIN.C 37875 | -4/Warlord | Found Prototype Reactor 37875 | -4/Warlord | Identified Vortex Chain Reactor 37898 | -4/Warlord | Found Prototype Hackware 37943 | -4/Warlord | Found Prototype Energy Gun 37943 | -4/Warlord | Identified Vortex Rail 37946 | -4/Warlord | Found Prototype Energy Gun 37946 | -4/Warlord | Identified Vortex Shotgun 38225 | -4/Warlord | Warlord forces counterattacked 38272 | -4/Warlord | Destroyed 10 combat bots 38275 | -4/Warlord | Spotted Striker 38278 | -4/Warlord | Spotted Striker 38331 | -4/Warlord | Destroyed Striker 38335 | -4/Warlord | Upgraded with Weapon slot (x1) 38369 | -4/Warlord | Discovered new exit (range 9) 38372 | -4/Warlord | Identified exit to Proximity Caves 38382 | -4/Warlord | Spotted Striker 38390 | -4/Warlord | Reached level 28 38398 | -4/Warlord | Destroyed Striker 38450 | -4/Warlord | Destroyed 10 combat bots 38475 | -4/Warlord | Entered Proximity Caves 39077 | -3/Proximity Caves | Attracted the attention of an 0b10 outpost 39108 | -3/Proximity Caves | Rewired Cogmind 39113 | -3/Proximity Caves | Destroyed 8 combat bots 40008 | -3/Proximity Caves | Attracted the attention of an 0b10 checkpoint 40258 | -3/Proximity Caves | Discovered exit to Research (range 11) 40405 | -3/Proximity Caves | Reached level 29 40410 | -3/Proximity Caves | Upgraded with Utility slot (x1) 40421 | -3/Proximity Caves | Entered Research 40422 | -3/Research | Identified exit to Research 40424 | -3/Research | Loaded intel: 19 terminal locations 40425 | -3/Research | Loaded intel: 4 garrison access locations 40452 | -3/Research | Identified Ghost Barrier 40486 | -3/Research | Incoming investigation squad redirected 40683 | -3/Research | Garrison activated, responded to threat 40786 | -3/Research | Repaired Broken Cld. Antigrav System 40890 | -3/Research | Exp. Hacking Suite fried by hacking feedback 40927 | -3/Research | Identified exit to Quarantine 40946 | -3/Research | Incoming investigation squad redirected 41171 | -3/Research | First assault squad dispatched 41320 | -3/Research | Garrison activated, responded to threat 41325 | -3/Research | Reached level 30 41328 | -3/Research | Incoming investigation squad redirected 41374 | -3/Research | Discovered exit to Research (range 20) 41513 | -3/Research | Fabricated System Backup Module (x2) 41572 | -3/Research | Found Prototype Device 41573 | -3/Research | Identified Adv. Kinecellerator 41720 | -3/Research | Fabricated S-27 Virus (x4) 41742 | -3/Research | Incoming investigation squad redirected 41859 | -3/Research | Fabricated S-27 Virus? 41982 | -3/Research | Incoming assault squad redirected 42030 | -3/Research | Incoming investigation squad redirected 42050 | -3/Research | Incoming investigation squad redirected 42091 | -3/Research | Destroyed 18 combat bots 42116 | -3/Research | Local fabrication network quarantined 42130 | -3/Research | Found Prototype Slashing Weapon 42130 | -3/Research | Identified Nanosword 42193 | -3/Research | Spotted B-86 Titan 42205 | -3/Research | Destroyed B-86 Titan 42398 | -3/Research | Entered Quarantine 42399 | -3/Quarantine | Maximum security lockdown engaged 42415 | -3/Quarantine | Found Alien Artifact 42415 | -3/Quarantine | Identified Subatomic Replicator 42447 | -3/Quarantine | Met incapacitated Sigix Warrior 42447 | -3/Quarantine | Lockdown squad dispatched 42473 | -3/Quarantine | Used Subatomic Replicator to replicate Longsword +1 42482 | -3/Quarantine | Reached level 31 42495 | -3/Quarantine | Spotted Lightning 42501 | -3/Quarantine | Spotted Lightning 42501 | -3/Quarantine | Spotted Lightning 42542 | -3/Quarantine | Found Alien Slashing Weapon 42542 | -3/Quarantine | Identified Sigix Broadsword 42591 | -3/Quarantine | Found Alien Artifact 42591 | -3/Quarantine | Identified Matter Drive 42620 | -3/Quarantine | Found Alien Artifact 42620 | -3/Quarantine | Identified Stasis Generator 42621 | -3/Quarantine | Warped through subspace 42675 | -3/Quarantine | Spotted Striker 42705 | -3/Quarantine | Found Exp. Shield Generator 42726 | -3/Quarantine | Destroyed Striker 42812 | -3/Quarantine | Core integrity fell below 50% 42844 | -3/Quarantine | Spotted Striker 42844 | -3/Quarantine | Spotted Executioner 42849 | -3/Quarantine | Destroyed 19 combat bots 42859 | -3/Quarantine | Destroyed Executioner 42870 | -3/Quarantine | Destroyed Striker 42960 | -3/Quarantine | Spotted Executioner 42961 | -3/Quarantine | Spotted Executioner 42999 | -3/Quarantine | Destroyed 7 combat bots 42999 | -3/Quarantine | Spotted Investigator 43006 | -3/Quarantine | Discovered exit to Research (range 15) 43011 | -3/Quarantine | Entered Research 43011 | -2/Research | Warlord forces began assault on 0b10 43012 | -2/Research | Identified exit to Testing 43013 | -2/Research | Loaded intel: 19 terminal locations 43102 | -2/Research | Repaired Centrium Medium Armor Plating 43121 | -2/Research | Research machine network offline 43214 | -2/Research | Borebot progress halted 43220 | -2/Research | Fabricated Cld. Antigrav System (x1) 43249 | -2/Research | Reached level 32 43251 | -2/Research | Borebot progress halted 43275 | -2/Research | High security lockdown imminent 43324 | -2/Research | Found Prototype Slashing Weapon 43324 | -2/Research | Identified Particle Cleaver 43332 | -2/Research | Found Prototype Processor 43332 | -2/Research | Identified Exp. Melee Analysis Suite 43355 | -2/Research | High security lockdown engaged 43383 | -2/Research | Spotted B-90 Cyclops 43397 | -2/Research | Destroyed B-90 Cyclops 43425 | -2/Research | Borebot progress halted 43443 | -2/Research | Spotted Executioner 43445 | -2/Research | Spotted Striker 43445 | -2/Research | Spotted Executioner 43445 | -2/Research | Spotted Executioner 43449 | -2/Research | Borebot progress halted 43450 | -2/Research | Destroyed Executioner 43451 | -2/Research | Spotted Striker 43453 | -2/Research | Destroyed Striker 43507 | -2/Research | Destroyed Striker 43531 | -2/Research | Spotted Investigator 43531 | -2/Research | Scanned by Researcher 43543 | -2/Research | Core integrity fell below 50% 43555 | -2/Research | Destroyed 7 combat bots 43555 | -2/Research | Spotted Executioner 43590 | -2/Research | Spotted B-90 Cyclops 43593 | -2/Research | Discovered new exit (range 12) 43614 | -2/Research | Build established: Scavenger-Scout 43615 | -2/Research | Core integrity fell below 20% 43635 | -2/Research | Entered Testing 43636 | -2/Testing | Maximum security lockdown engaged 43637 | -2/Testing | Reached level 33 43640 | -2/Testing | Protovariant out of control (PY-4WDQ6PXNEH) 43650 | -2/Testing | Found Prototype Processor 43650 | -2/Testing | Identified Spectral Analyzer 43658 | -2/Testing | Found Prototype Energy Cannon 43658 | -2/Testing | Identified Cld. Nova Cannon 43659 | -2/Testing | Superbehemoth self-activated to run performance analysis 43671 | -2/Testing | Found Prototype Leg 43671 | -2/Testing | Identified Myomer Exoskeleton 43694 | -2/Testing | Spotted Superbehemoth 43703 | -2/Testing | Spotted Investigator 43741 | -2/Testing | Destroyed Investigator 43782 | -2/Testing | Destroyed Superbehemoth 43803 | -2/Testing | Destroyed 7 combat bots 43813 | -2/Testing | Found Portable AFG 43852 | -2/Testing | Spotted Executioner 43890 | -2/Testing | Spotted Fortress 43914 | -2/Testing | Destroyed Fortress 43918 | -2/Testing | System corruption reached 10% 43934 | -2/Testing | Discovered new exit (range 6) 43936 | -2/Testing | Entered Section 7 43937 | -2/Section 7 | Maximum security lockdown engaged 43952 | -2/Section 7 | Found Integrated Reactor 43952 | -2/Section 7 | Installed Integrated Reactor, increased core energy generation (+2%) 43987 | -2/Section 7 | Found Alien Artifact 43987 | -2/Section 7 | Identified Integrated Dissipator 43987 | -2/Section 7 | Installed Integrated Dissipator, increased core heat dissipation (+2%) 44033 | -2/Section 7 | Spotted Executioner 44033 | -2/Section 7 | Spotted Executioner 44062 | -2/Section 7 | Spotted B-99 Colossus 44114 | -2/Section 7 | Found Alien Artifact 44114 | -2/Section 7 | Identified LRC Insulator 44114 | -2/Section 7 | Installed LRC Insulator, gained EM resistance (25) 44117 | -2/Section 7 | Found Alien Artifact 44117 | -2/Section 7 | Identified LRC Armor 44117 | -2/Section 7 | Installed LRC Armor, increased core integrity (+250) 44119 | -2/Section 7 | Found LRC Armor 44119 | -2/Section 7 | Installed LRC Armor, increased core integrity (+250) 44161 | -2/Section 7 | Spotted Striker 44191 | -2/Section 7 | Destroyed Striker 44221 | -2/Section 7 | Reached level 34 44267 | -2/Section 7 | Crushed by falling debris 44287 | -2/Section 7 | Destroyed 34 combat bots 44546 | -2/Section 7 | Build established: Hacker-Scout 44813 | -2/Section 7 | Spotted Executioner 44817 | -2/Section 7 | Spotted Executioner 44819 | -2/Section 7 | Spotted Executioner 44829 | -2/Section 7 | Spotted Striker 44838 | -2/Section 7 | Spotted Executioner 44852 | -2/Section 7 | Destroyed Striker 44873 | -2/Section 7 | Destroyed 7 combat bots 44930 | -2/Section 7 | Spotted Executioner 44930 | -2/Section 7 | Spotted Striker 44932 | -2/Section 7 | Spotted Executioner 45016 | -2/Section 7 | Crushed by falling debris 45035 | -2/Section 7 | Crushed by falling debris 45093 | -2/Section 7 | Crushed by falling debris 45120 | -2/Section 7 | Spotted Executioner 45120 | -2/Section 7 | Spotted Executioner 45122 | -2/Section 7 | Spotted Striker 45122 | -2/Section 7 | Spotted Striker 45148 | -2/Section 7 | Spotted Striker 45149 | -2/Section 7 | Spotted Striker 45151 | -2/Section 7 | Spotted Striker 45159 | -2/Section 7 | Found Transdimensional Reconstructor 45161 | -2/Section 7 | Found Transdimensional Reconstructor 45163 | -2/Section 7 | Found Transdimensional Reconstructor 45169 | -2/Section 7 | Destroyed Striker 45179 | -2/Section 7 | Warped through subspace 45179 | -2/Section 7 | Destroyed by G-73 Enforcer with Heavy Laser Last Messages --------------- 45153_ G-73 Enforcer unfolds itself. 45153_ L-61 Swordsman unfolds itself. 45153_ B-74 Champion unfolds itself. 45153_ M-36 Artificer unfolds itself. 45155_ Construction Supplies damaged. 45155_ P-80 Master resets P-80 Master, system corruption cleaned. 45156_ Penetrated by Slug. 45156_ Slug penetrates Executioner. 45156_ Penetrated by Slug. 45156_ Slug penetrates Reinforced Barrier. 45157_ Sealed Heavy Doors breached. 45159_ Acquired Transdimensional Reconstructor. 45164_ Destroyed Adv. Heat Sink. 45164_ Longsword +1 follow-up attack on Striker. 45169_ Striker destroyed. 45171_ Acquired Protomatter-61. 45176_ System corrupted: Component data lost. 45176_ Suspension Chamber breached. 45178_ Slug penetrates Sealed Heavy Doors. 45179_ Warped through subspace. Map ----- +----------------------------------------------------+ | " "" = """"" | | " " "" % " | | " "" """ ** """" | | " " """ """" | | " "" """" " | | " " """" " " "%"" | | " "" " "%%" | | " """"""" "%%" | | " """""" "% | | " """"""" """"""""""""" | | """"""""""" | | " " " " ? " | | " | | = """ ? | | "%! " | | """"" ? ? | | """ """" " " " | | """"" " " " " """"?"""" | | " " " " ? """ "" "? | | " """""""""" """"""""""" | | """ " " " " """e " ? | | T " " " " g """"""""""""""? | | " " " "" g "" " | | g """"""""""""" | | """ "" g | | """ " @ | | ""?""""""""" ? | | " """""""""" """""""""""" ?" | | "" """""""""" """""""""""""" | | ?""" """"""""""""" " | | """"" " | | "" g " " | | ?""" " l g g " | | ??"" p """ | | ?"?" b " | | """" eE g i "%" | | l %%l " | | e g g% | | g g %%" | | """""""""" " """"""""" | | " ###"""""""""""""""""""""""""""""" ### | | " ###""""""""""""""""% %""""### | | ### ###++################## ###########=#### # # | | ?## ### ################################[! # ## | | ?####### ###?############!###################### | | ######## ##############==####################### | | ?##?#### ##############%######################## | | ######## ####"""""" """""#################### | | ######## ####"""""" """""#################### | | ###?#### ####""""""" "#################### | +----------------------------------------------------+ Best States ------------- Heat Dissipation 69 Energy Generation 90 Energy Capacity 870 Matter Stores 450 Matter Capacity 450 Sight Range 20 Robot Scan Range 24 Terrain Scan Range 24 Terrain Scan Density 410 Power Amplification 20 EM Shielding 2 Armor Coverage 900 Resistance: KI 20 Resistance: TH 30 Resistance: EM 25 Melee Speed Boost 20 Phase Shifting 20 Evasion (%) 96 Targeting Accuracy 48 Melee Accuracy 20 Target Analysis 8 Armor Integrity Analysis 66 Recoil Reduction 1 Stasis Canceling 1 Offensive Hacking 31 Defensive Hacking 25 Item Schematics ----------------- Hcp. Matter Pod | -9/Materials | Scanalyzed Adv. Treads | -9/Materials | Scanalyzed Adv. Targeting Computer | -9/Materials | Scanalyzed Hacking Suite | -8/Materials | Scanalyzed Adv. Beam Cannon | -8/Materials | Scanalyzed Titanium Leg | -8/Materials | Scanalyzed Arm. Wheel | -8/Materials | Scanalyzed Cld. Airjet | -7/Factory | Scanalyzed Arm. Medium Treads | -7/Factory | Hacked Adv. Sensor Array | -7/Factory | Scanalyzed System Backup Module | -7/Factory | Scanalyzed Imp. Melee Analysis Suite | -7/Factory | Hacked Matter Filter | -7/Factory | Extracted Hpw. Tractor Beam | -7/Factory | Extracted Hvy. Laser | -7/Factory | Extracted Imp. Deuterium Engine | -7/Factory | Extracted Integration Mediator | -7/Factory | Extracted Prc. Grenade Launcher | -7/Factory | Extracted Adv. Beam Rifle | -7/Factory | Extracted Imp. Grenade Launcher | -7/Factory | Extracted Hcp. Battery | -7/Factory | Extracted Hrd. Medium Armor Plating | -7/Factory | Extracted Combat Drone Bay | -7/Data Miner | Free Lgt. Regenerative Plating | -7/Data Miner | Free Triangulator | -7/Data Miner | Free Exp. Sensor Array | -7/Data Miner | Free Tactical Coordination Suite | -7/Data Miner | Free Exp. ECM Suite | -7/Data Miner | Free Plasma Sword | -7/Data Miner | Free Kinetic Spear | -7/Data Miner | Free Imp. Plasma Cutter | -6/Factory | Hacked Cld. Gravmag System | -6/Factory | Hacked Battle Rifle | -6/Zion | Free Battle Cannon | -6/Zion | Free Flamer | -6/Zion | Free Enh. Flamer | -6/Zion | Free Phasing Sabre | -6/Zion | Free Hyp. Mass Driver | -5/Factory | Hacked Assault Drone Bay | -5/Zhirov | Free Exp. Heat Sink | -5/Zhirov | Free Exp. Optical Array | -5/Zhirov | Free Imp. Arc Thrower | -5/Zhirov | Free Stasis Canceller | -4/Factory | Hacked Cld. Antigrav System | -3/Research | Scanalyzed Robot Schematics ------------------ X-62 Marksman | -7/Factory | Hacked S-27 Virus | -7/Data Miner | Free G-50 Soldier | -7/Data Miner | Free G-67 Veteran | -7/Data Miner | Free X-72 Disruptor | -7/Data Miner | Free H-66 Slayer | -7/Data Miner | Free P-70 Sage | -7/Data Miner | Free I-36 Angel | -7/Data Miner | Free I-47 Archangel | -7/Data Miner | Free Fabricated ------------ Imp. Melee Analysis Suite | x1 | -7/Factory | Preloaded Hvy. Neutron Cannon | x2 | -7/Factory | Preloaded Plasma Sword | x1 | -6/Factory Plasma Sword | x1 | -6/Factory System Backup Module | x2 | -6/Factory Cld. Gravmag System | x1 | -5/Factory Cld. Gravmag System | x1 | -5/Factory System Backup Module | x2 | -3/Research S-27 Virus | x4 | -3/Research S-27 Virus | x4 | -3/Research Cld. Antigrav System | x1 | -2/Research Alien Tech Used ----------------- Dimensional Node Initializer Core Expander Integrated Reactor Subatomic Replicator Sigix Broadsword Matter Drive Stasis Generator Transdimensional Reconstructor Integrated Dissipator LRC Insulator LRC Armor Achievements -------------- Most Wanted Perfect Aim Whoosh! Challenges ------------ None RPGLIKE | -11 -10 -10 -9 -9 -9 -8 -8 -7 -7 -7 -7 -6 -6 -6 -6 -6 -5 -5 -5 -5 -5 -4 -4 -4 -4 -4 -3 -3 -3 -2 -2 -2 --------- Run | Scr Mat Min Mat Min Exi Min Mat Fac Low Low Dat Pro Fac Low Low Zio Pro Fac Upp Upp Zhi Pro Fac Upp Upp War Pro Res Qua Res Tes Sec Levels Raised 33 | . 1 1 4 1 1 1 3 2 1 . . 2 2 . . . 2 1 1 . . 1 1 . 1 1 1 1 1 1 1 1 XP Earned 53033 | 3000 2090 1430 6598 1682 243 2675 3948 3372 937 741 220 2153 2543 611 175 176 2096 2751 264 382 117 1378 1965 407 929 735 1408 2412 1158 2034 788 1615 XP Spent 52385 | 1500 2850 1400 6100 120 2500 750 5360 1990 2900 . . 1265 4750 . . . 1000 3500 1460 . . 800 1100 . . 1400 3800 1950 1250 1725 1440 1475 Upgrades 87 | 3 6 1 8 2 2 1 10 3 1 . . 4 6 . . . 1 1 5 . . 2 1 . . 1 1 10 1 6 6 5 Power Slot 1 | . . . . . . . . 1 . . . . . . . . . . . . . . . . . . . . . . . . Propulsion Slot 4 | 1 . . . . . . 2 1 . . . . . . . . . . . . . . . . . . . . . . . . Utility Slot 12 | 1 2 1 2 . 1 . 1 . 1 . . . 1 . . . . 1 . . . . . . . . 1 . . . . . Weapon Slot 4 | 1 . . 1 . . . . . . . . . . . . . . . 1 . . . . . . 1 . . . . . . Core Integrity 30 | . . . . . . . 4 . . . . 1 . . . . . . 4 . . . . . . . . 5 . 5 6 5 Heat Dissipation 4 | . . . . 2 . . . . . . . . 2 . . . . . . . . . . . . . . . . . . . Energy Generation 3 | . . . . . . . . . . . . 1 1 . . . . . . . . . . . . . . . . 1 . . Energy Storage 1 | . . . . . . . 1 . . . . . . . . . . . . . . . . . . . . . . . . . Mass Support 3 | . 1 . . . . . . . . . . 1 . . . . . . . . . . 1 . . . . . . . . . Inventory Capacity 5 | . 1 . 1 . . . . . . . . . 1 . . . 1 . . . . . . . . . . . 1 . . . Sensor Range 2 | . . . . . . . . . . . . . 1 . . . . . . . . . . . . . . 1 . . . . Terrain Scan Density 4 | . . . 1 . . . . 1 . . . . . . . . . . . . . . . . . . . 2 . . . . Melee Accuracy 4 | . . . . . 1 . . . . . . 1 . . . . . . . . . . . . . . . 2 . . . . Hack Attack % 3 | . 2 . . . . . . . . . . . . . . . . . . . . 1 . . . . . . . . . . Hack Defense % 1 | . . . . . . . . . . . . . . . . . . . . . . 1 . . . . . . . . . . KI Resistance % 4 | . . . 3 . . 1 . . . . . . . . . . . . . . . . . . . . . . . . . . TH Resistance % 2 | . . . . . . . 2 . . . . . . . . . . . . . . . . . . . . . . . . . Protomatter Created 9849 | . 292 . 417 71 . 81 476 237 306 245 . 160 401 340 22 . 139 670 197 443 79 427 280 60 389 604 389 1018 579 524 356 647 Integrity Restored 16839 | . 442 102 1183 213 . 114 1185 684 534 719 . 363 464 307 20 1 106 1303 183 612 . 576 593 180 834 384 211 1051 1280 948 900 1347 Core 12783 | . 352 77 1049 213 . 114 1008 375 266 446 . 198 277 172 4 . 66 762 73 349 . 338 432 180 625 281 158 820 1273 628 900 1347 Parts 4056 | . 90 25 134 . . . 177 309 268 273 . 165 187 135 16 1 40 541 110 263 . 238 161 . 209 103 53 231 7 320 . . Protomatter Decayed 9373 | . 134 59 14 . . 43 74 . 66 122 . 192 370 167 110 . 106 397 147 313 79 270 306 . 63 2061 312 953 300 2336 242 137 Game ------ Seed NodeSurveybotThrower Manual? 0 Play Time 09:14:01 Cumulative 146.3 hours Start 2020.04.08 @ 00:47:17 End 2020.04.09 @ 00:41:09 Sessions 3 Manual Loads 0 Difficulty Rogue Special Mode Winter2019/RPGLIKE Game No. 49 Rogue 49 Adventurer 0 Explorer 0 Win Type - Total 1 Types 1/0/0/0/0/0/0 Lore% 57 Gallery% 68 Achievement% 62 Wizard Run 0 Options --------- ASCII 1 Keyboard 1 Movement Numpad Keybinds 0 Fullscreen 1 Font 16/SmallcapsGlow Map View 75x55 Tactical HUD 1 Map Filters NONE Filters NONE Steam 1 RUN: e13c1ac2-2e85-4405-88cf-078c55814fdf